 Dungeon Crawl Stone Soup version 0.30.0-29-ga12c61a403 (webtiles) character file.

Game seed: 10717415693245550840

520563 qw the Slayer (level 25, -11/176 HPs)
             Began as a Gargoyle Fighter on June 2, 2023.
             Was an Elder of Okawaru.
             Mangled by a doom hound (20 damage)
             ... led by Grunn
             ... on level 3 of the Realm of Zot.
             The game lasted 00:32:26 (47485 turns).

qw the Slayer (Gargoyle Fighter)                   Turns: 47485, Time: 00:32:26

Health: -11/176    AC: 63    Str: 31    XL:     25   Next: 27%
Magic:  30/30      EV: 19    Int:  9    God:    Okawaru [****..]
Gold:   5505       SH: 29    Dex: 12    Spells: 24/24 levels left

rFire   + . .        F - +9 broad axe (vamp)
rCold   + . .        D - +0 tower shield
rNeg    + + .        v - +10 plate armour
rPois   inf          q - +2 helmet
rElec   +            H - scarf {rC+ rF+}
rCorr   .            Q - +2 pair of gloves {Str+3}
SInv    .            h - +2 pair of boots of a bazaar {Will+ Regen+ Int-4}
Will    ++...        P - amulet of Resepli {Reflect rPois rN+ Dex+3 SH+5} Stlth
                     l - +5 ring of evasion
HPRegen 1.29/turn    J - +4 ring of slaying {mikee}
MPRegen 0.22/turn

%: reflection
@: heroic, flying
A: sickness immunity, AC +19, big wings, negative energy resistance 1,
electricity resistance, torment resistance 1, petrification resistance
}: 3/15 runes: decaying, silver, gossamer
a: Renounce Religion, Heroism, Finesse


You were on level 3 of the Realm of Zot.
You worshipped Okawaru.
Okawaru was greatly pleased with you.
You visited 9 branches of the dungeon, and saw 43 of its levels.
You also visited: Sewer.

You collected 7606 gold pieces.
You spent 2101 gold pieces at shops.


Innate Abilities, Weirdness & Mutations

You are immune to sickness and miasma.
Your stone body is resilient. (AC +19)
You are immune to poison.
Your large and strong wings let you fly.
You resist negative energy. (rN+)
You are resistant to electric shocks. (rElec)
You are resistant to unholy torment.
You are immune to petrification.


   Skills:
 - Level 23.0(27) Fighting
 - Level 18.0(23.0) Axes
 - Level 13.0(18.0) Throwing
 - Level 21.1(26.1) Armour
 + Level 8.2(13.2) Dodging
 - Level 21.6(26.6) Shields
 - Level 10.0 Invocations


You had 24 spell levels left.
You didn't know any spells.
Your spell library was empty.

Inventory:

Hand Weapons
 t - the +4 consecrated labrys {holy, Valiant Fragile Fly SInv}
   (You acquired it on level 3 of the Dungeon)

   Valiant:   It becomes more powerful as more dangerous foes come into view.
   SInv:      It lets you see invisible.
   Fly:       It grants you flight.
   Fragile:   It will be destroyed if unequipped.
 F - a +9 vampiric broad axe (weapon)
Missiles
 e - 8 silver javelins (quivered)
 u - 26 boomerangs
 x - 4 javelins
 y - 5 silver boomerangs
 E - 3 boomerangs of dispersal
Armour
 h - the +2 pair of boots of a bazaar (worn) {Will+ Regen+ Int-4}
   (You acquired it in a sewer)

   Int:       It affects your intelligence (-4).
   Regen:     It increases your rate of health regeneration.
   Will:      It increases your willpower.
 q - a +2 helmet (worn)
 s - the scarf of Forking Paths {harm, rCorr MP-9 Dex+6}
   (Okawaru gifted it to you on level 2 of the Vaults)

   Dex:       It affects your dexterity (+6).
   MP:        It affects your magic capacity (-9).
   rCorr:     It protects you from acid and corrosion.
 v - a +10 plate armour (worn)
 w - a +2 cloak
 B - +0 gold dragon scales
 C - +0 acid dragon scales
 D - a +0 tower shield (worn)
 H - a scarf of resistance (worn)
 Q - a +2 pair of gloves of strength (worn)
Jewellery
 c - a ring of resist corrosion
 l - a +5 ring of evasion (left hand)
 r - a ring of ice
 G - a ring of protection from fire
 I - a ring of protection from fire
 J - a +4 ring of slaying (right hand) {mikee}
 L - a ring of resist corrosion
 M - a ring of ice
 P - the amulet of Resepli (around neck) {Reflect rPois rN+ Dex+3 SH+5}
   (You took it off a deep elf demonologist on level 5 of the Vaults)

   [amulet of reflection]

   It reflects blocked missile attacks.
   Dex:       It affects your dexterity (+3).
   rPois:     It protects you from poison.
   rN:        It protects you from negative energy.
   SH:        It affects your SH (+5).
Wands
 b - a wand of digging (4)
Scrolls
 j - 9 scrolls of identify
 m - 2 scrolls of brand weapon
 o - 12 scrolls of teleportation
 N - 3 scrolls of enchant armour
 O - 4 scrolls of enchant weapon
Potions
 a - 9 potions of lignification
 d - 7 potions of might
 f - 28 potions of curing
 g - 8 potions of mutation
 i - 5 potions of resistance
 k - 5 potions of heal wounds
 n - 9 potions of attraction
 p - 6 potions of magic
 z - 5 potions of haste
 A - 6 potions of cancellation

Dungeon Overview and Level Annotations

Branches:
Dungeon (15/15)            Temple (1/1) D:4            Lair (5/5) D:11
  Swamp (4/4) Lair:3       Spider (4/4) Lair:3        Slime (0/5) Lair:4
    Orc (2/2) D:9             Elf (0/3) Orc:2        Vaults (5/5) D:14
  Crypt (0/3) Vaults:2     Depths (4/4) D:15            Zot (3/5) Depths:4
  Sewer (visited)

Altars:
Ashenzari
Cheibriados
Dithmenos
Elyvilon
Fedhas
Gozag
Hepliaklqana
Kikubaaqudgha
Makhleb
Nemelex Xobeh
Okawaru
Qazlal
Ru
Sif Muna
Trog
Uskayaw
Vehumet
Wu Jian
Xom
Yredelemnul
Zin
The Shining One

Shops:
D:3 ?   D:6 !   Orc:2 *([(   Vaults:4 [   Vaults:5 (   Depths:1 [   Depths:2 (
Depths:3 (

Portals:
Hell: Depths:1 Depths:2 Depths:3 Depths:4
Abyss: Depths:2 Depths:3
Pandemonium: Depths:2
Ziggurat: Depths:4

Annotations:
D:7 1 runed translucent door, Crazy Yiuf
D:10 2 transporters, qw's ghost, journeyman GrFi
Swamp:2 2 transporters, Suryr's ghost, adept GnHW
Swamp:3 2 runed translucent doors, swinepaste's ghost, journeyman DsMo
Spider:4 1 runed translucent door, cfbundy's ghost, adept FoFi
Zot:3 Grunn


Message History

You slice the doom hound!! You block the doom hound's attack. x3
The doom hound claws you but does no damage.
The doom hound bites you!! The doom hound completely misses you.
You slice the doom hound!!
The doom hound is almost dead.
You hit the doom hound but do no damage.
The doom hound bites you but does no damage.
You block the doom hound's attack. The doom hound misses you.
You block the doom hound's attack.
You miss the doom hound.
The doom hound is almost dead.
You slice the doom hound!! You slice the moth of wrath!!
You feel better. You block the doom hound's attack.
The doom hound claws you but does no damage.
You block the doom hound's attack. The doom hound misses you.
You block the moth of wrath's attack. You block the doom hound's attack. x2
The doom hound bites you but does no damage.
You block the doom hound's attack.
You chop the moth of wrath into pieces!!!
You kill the moth of wrath!
Okawaru accepts your kill.
You closely miss the doom hound.
You hit the doom hound but do no damage.
You block the doom hound's attack. The doom hound claws you!
The doom hound bites you but does no damage.
You block the doom hound's attack.
The doom hound unleashes a terrible howl, but you easily resist.
You slice the doom hound!!
The doom hound is almost dead.
You slash the doom hound! The doom hound bites you!
The doom hound claws you but does no damage.
You block the doom hound's attack. x2; The doom hound bites you!!
The doom hound claws you but does no damage.
You hit the doom hound.
The doom hound is almost dead.
You slice the doom hound!! The doom hound bites you!!!
The doom hound claws you!!
You die...

.....#......# ...hg
##..##...[### ###....
###.#.....# #....h#
.##...<.### ###....#
.......## ....h.
..#.....######...#
#.###...##.##..g.#
..#.........#.hh####
#........(.....h@..#
#.....#....###.....##
##..###..### #......#
.#### #### ##.#..##
...# ###### ...#
.....# #..... .....


You could see Grunn (fast) and 3 doom hounds.

Vanquished Creatures
  An ancient lich (Vaults:5)
  A juggernaut (Depths:2)
  Sojobo (Vaults:3)
  Josephina (Zot:2)
  2 caustic shrikes (Depths:3)
  9 golden dragons
  Nikola (Vaults:3)
  A bone dragon (Depths:4)
  Arachne (Spider:3)
  A walking crystal tome (Depths:4)
  9 tentacled monstrosities
  2 liches
  Mlioglotl (Spider:1)
  2 walking earthen tomes (Depths:3)
  4 ancient champions
  Asterion (Vaults:3)
  7 death cobs
  6 titans
  3 quicksilver dragons
  Kirke (D:15)
  A draconian monk (Zot:1)
  11 shadow dragons
  11 sphinxes
  6 tengu reavers
  Donald (Swamp:4)
  7 storm dragons
  2 thorn hunters
  An iron dragon (Depths:3)
  8 fire giants
  A fenstrider witch (Swamp:4)
  8 frost giants
  10 emperor scorpions
  An azure jelly (Swamp:4)
  A deep elf sorcerer (Vaults:5)
  16 vault wardens
  6 ghost moths
  A draconian scorcher (Zot:3)
  A caustic shrike zombie (Depths:2)
  Louise (D:15)
  3 draconian shifters
  A draconian annihilator (Zot:2)
  3 ghouls
  3 spriggan defenders
  3 orc warlords
  A juggernaut skeleton (Depths:2)
  2 war gargoyles (Vaults:5)
  25 very ugly things
  8 broodmothers
  7 ironbound thunderhulks
  4 green draconians
  14 ironbound preservers
  3 eleionomae (Swamp:3)
  8 stone giants
  3 vampire knights (Depths:3)
  A deep elf annihilator (Vaults:5)
  4 black draconians
  3 purple draconians
  2 deep elf demonologists (Vaults:5)
  8 red draconians
  A bunyip (shapeshifter) (Vaults:3)
  4 white draconians
  9 bunyips
  3 yellow draconians
  12 spark wasps
  An eidolon (Vaults:2)
  2 deep elf death magi (Vaults:5)
  7 ettins
  2 deep elf high priests (Vaults:5)
  6 great orbs of eyes
  20 yaktaur captains
  6 entropy weavers
  A shambling mangrove (Swamp:4)
  12 ice dragons
  14 fire dragons
  32 vault guards
  14 hydras
  A peacekeeper (Vaults:3)
  4 rakshasas
  3 ghost crabs
  2 catoblepae
  A spriggan skeleton (Depths:1)
  Erolcha (D:10)
  7 ironbound frosthearts
  5 alligators
  4 boulder beetles
  2 ogre magi
  An anaconda (shapeshifter) (Depths:1)
  5 spriggan air magi
  11 centaur warriors
  A jorogumo (Spider:1)
  4 radroaches
  7 two-headed ogres
  A tengu warrior (Depths:2)
  3 deep troll shamans
  A satyr (shapeshifter) (Vaults:5)
  2 deep troll earth magi
  A two-headed ogre (shapeshifter) (Vaults:5)
  An orc high priest (Orc:2)
  2 spriggan berserkers
  Urug (D:11)
  4 hell knights (Depths:2)
  A skyshark (Lair:3)
  4 spriggans
  A storm dragon zombie (Depths:2)
  A skyshark (shapeshifter) (Vaults:1)
  3 sun moths
  5 pharaoh ants
  7 spriggan druids
  3 iron trolls
  2 shadow wraiths (Vaults:5)
  3 glowing orange brains
  2 flayed ghosts
  38 deep trolls
  5 goliath frogs
  11 orb spiders
  6 phantasmal warriors
  2 swamp dragons
  11 wizards
  7 steelbarb worms
  7 lindwurms
  A tengu zombie (Depths:1)
  6 bog bodies
  A golden dragon skeleton (Depths:2)
  17 ironbound convokers
  5 harpies
  6 necromancers
  9 orc knights
  A harpy (shapeshifter) (D:15)
  A mana viper (shapeshifter) (Vaults:5)
  3 deep elf pyromancers
  27 wolf spiders
  49 ugly things
  2 will-o-the-wisps
  2 orc sorcerers (Orc:2)
  6 cyclopes
  8 manticores
  A fire giant zombie (Vaults:3)
  19 moths of wrath
  A guardian serpent (Lair:5)
  8 black mambas (Lair:5)
  Joseph (D:7)
  Maurice (D:11)
  A guardian serpent (shapeshifter) (Depths:3)
  22 vault sentinels
  5 torpor snails
  4 gargoyles
  A fire giant skeleton (Depths:2)
  11 demonic crawlers
  12 elephants
  An unseen horror (D:11)
  15 cane toads
  Psyche (D:11)
  38 yaktaurs
  3 kobold demonologists
  2 rime drakes (Lair:3)
  5 komodo dragons
  7 freezing wraiths
  A polar bear (Lair:1)
  A merfolk (shapeshifter) (Vaults:5)
  A tengu simulacrum (Depths:1)
  Grinder (D:3)
  8 tyrant leeches
  6 hornets
  11 trolls
  Prince Ribbit (D:7)
  36 tarantellas
  A stone giant simulacrum (Depths:1)
  8 blink frogs (Lair:4)
  Sigmund (D:2)
  A slime creature (shapeshifter) (Vaults:5)
  39 slime creatures
  23 jumping spiders
  3 shadows
  17 culicivoras
  A spriggan (shapeshifter) (D:12)
  A wraith (D:11)
  2 water elementals (D:13)
  A vampire (D:14)
  15 wyverns
  5 hogs (D:15)
  43 yaks
  8 basilisks
  4 steam dragons
  2 vampire mosquitoes (D:15)
  4 swamp worm simulacra (Swamp:4)
  53 redbacks
  A green draconian simulacrum (Zot:3)
  7 wargs
  A harpy simulacrum (D:15)
  A purple draconian simulacrum (Zot:3)
  18 swamp worms
  2 acid dragons (D:12)
  11 hydra simulacra (Swamp:4)
  26 water moccasins
  3 moth of wrath simulacra (Zot:3)
  2 hell hounds (Depths:2)
  3 floating eyes
  2 human skeletons (Vaults:3)
  Duvessa (D:7)
  A black bear (D:7)
  A sky beast (D:6)
  3 ice beasts
  40 orc warriors
  2 swamp drakes (Swamp:3)
  2 centaurs
  9 ogres
  12 wolves (Lair:2)
  Blork the orc (D:4)
  5 kobold brigands
  8 bullfrogs
  3 necrophages
  10 scorpions
  7 wights
  Dowan (D:7)
  23 killer bees
  5 electric eels
  3 howler monkeys
  2 bullfrog zombies (D:5)
  2 centaur zombies (D:5)
  A human zombie (D:5)
  4 jellies
  7 hounds
  A gnoll bouda (D:8)
  20 orc priests
  3 sleepcaps
  22 orc wizards
  A boggart simulacrum (D:15)
  3 mummies (D:5)
  A howler monkey zombie (D:5)
  7 gnolls
  12 adders
  2 river rats (Sewer)
  2 white imps
  4 swamp drake simulacra (Swamp:4)
  An ufetubus (D:4)
  4 worms
  5 dart slugs
  107 orcs
  5 bats
  3 endoplasms
  2 giant cockroaches
  7 goblins
  8 hobgoblins
  6 jackals
  11 quokkas
  7 ball pythons
  7 frilled lizards
  16 kobolds
  7 rats
  3 spectral weapons
1703 creatures vanquished.

Vanquished Creatures (others)
  A vault warden (Vaults:3)
  An ettin (Depths:1)
  A hydra (Swamp:2)
  A goliath frog (Swamp:1)
  A moth of wrath (Zot:2)
  2 will-o-the-wisps (Swamp:2)
  2 bloated husks
  3 hornets (Swamp:2)
  2 tyrant leeches
  3 spriggans (Swamp:2)
  A culicivora (Spider:4)
  3 swamp worms
  A water moccasin (D:11)
  An electric eel (Spider:4)
  20 foxfires
43 creatures vanquished.

Grand Total: 1746 creatures vanquished

Notes
Turn   | Place    | Note
-------+----------+-------------------------------------------
     0 | D:1      | qw the Gargoyle Fighter began the quest for the Orb.
     0 | D:1      | Reached XP level 1. HP: 14/14 MP: 1/1
     0 | D:1      | 0 ||| qw: Version: 0.2-a-102-gdf20003
     0 | D:1      | 0 ||| qw: Game counter: 900
     0 | D:1      | 0 ||| qw: Always use a shield: true
     0 | D:1      | 0 ||| qw: God list: Okawaru
     0 | D:1      | 0 ||| qw: Allow faded altars: false
     0 | D:1      | 0 ||| qw: Do Orc after D:15 true
     0 | D:1      | 0 ||| qw: Do second Lair branch before Depths: true
     0 | D:1      | 0 ||| qw: Lair rune preference: random
     0 | D:1      | 0 ||| qw: Plans: Normal, Zot:1-4, Slime:5, God:TSO, Crypt,
                  | Tomb, Pan, Hells, Abyss, Win
     0 | D:1      | 0 ||| PLANNING D:1-11
    26 | D:1      | 26 ||| Stepping ~*~*~tactically~*~*~ (stealth).
    97 | D:1      | Reached XP level 2. HP: 19/19 MP: 2/2
   147 | D:1      | 147 ||| Stepping ~*~*~tactically~*~*~ (hiding).
   150 | D:1      | 150 ||| Stepping ~*~*~tactically~*~*~ (hiding).
   360 | D:1      | 360 ||| DROPPING +0 club.
   384 | D:1      | 384 ||| Stepping ~*~*~tactically~*~*~ (stealth).
   389 | D:1      | Reached skill level 3 in Axes
   395 | D:1      | Reached XP level 3. HP: 23/23 MP: 3/3
   532 | D:1      | 532 ||| Stepping ~*~*~tactically~*~*~ (stealth).
   581 | D:1      | 581 ||| Stepping ~*~*~tactically~*~*~ (hiding).
   583 | D:1      | 583 ||| Stepping ~*~*~tactically~*~*~ (hiding).
   898 | D:1      | 898 ||| DROPPING ring of wizardry.
   899 | D:1      | 899 ||| READING scroll labelled MOKUYN SIQUSCHUO.
   900 | D:1      | 900 ||| READING 3 scrolls labelled KUCUDDOUST.
   901 | D:1      | 901 ||| READING 2 scrolls labelled GIBLOA ZYETISS.
   902 | D:1      | 902 ||| READING scroll labelled BEQEEREHIEPT.
   903 | D:1      | 903 ||| READING 2 scrolls of identify.
   903 | D:1      | 903 ||| IDENTIFYING ruby potion
   904 | D:1      | 904 ||| DROPPING potion of ambrosia.
   905 | D:1      | 905 ||| DROPPING scroll of blinking.
   967 | D:2      | 967 ||| Stepping ~*~*~tactically~*~*~ (hiding).
  1028 | D:2      | 1028 ||| Stepping ~*~*~tactically~*~*~ (stealth).
  1032 | D:2      | Reached XP level 4. HP: 28/28 MP: 4/4
  1274 | D:2      | 1274 ||| Stepping ~*~*~tactically~*~*~ (hiding).
  1330 | D:2      | Reached skill level 1 in Throwing
  1354 | D:2      | 1354 ||| Stepping ~*~*~tactically~*~*~ (stealth).
  1420 | D:2      | Noticed Sigmund
  1421 | D:2      | 1421 ||| Stepping ~*~*~tactically~*~*~ (hiding).
  1423 | D:2      | 1423 ||| Stepping ~*~*~tactically~*~*~ (hiding).
  1424 | D:2      | 1424 ||| Stepping ~*~*~tactically~*~*~ (hiding).
  1441 | D:2      | HP: 7/28 [something (10)]
  1442 | D:2      | Killed Sigmund
  1443 | D:2      | Reached XP level 5. HP: 8/32 MP: 5/5
  1443 | D:2      | Reached XP level 6. HP: 9/37 MP: 6/6
  1719 | D:2      | 1719 ||| READING scroll labelled FOSTAFEUPP.
  1720 | D:2      | 1720 ||| READING scroll labelled DONEIR GAENITU.
  1721 | D:2      | 1721 ||| READING 4 scrolls of identify.
  1721 | D:2      | 1721 ||| IDENTIFYING fuming sapphire potion
  1722 | D:2      | 1722 ||| READING 3 scrolls of identify.
  1722 | D:2      | 1722 ||| IDENTIFYING purple potion
  1723 | D:2      | 1723 ||| READING 2 scrolls of identify.
  1723 | D:2      | 1723 ||| IDENTIFYING viscous yellow potion
  1724 | D:2      | 1724 ||| DROPPING potion of berserk rage.
  1772 | D:3      | 1772 ||| Stepping ~*~*~tactically~*~*~ (stealth).
  1773 | D:3      | 1773 ||| Stepping ~*~*~tactically~*~*~ (stealth).
  1774 | D:3      | 1774 ||| Stepping ~*~*~tactically~*~*~ (stealth).
  2203 | D:3      | Noticed Grinder
  2213 | D:3      | Killed Grinder
  2214 | D:3      | Reached skill level 5 in Fighting
  2214 | D:3      | Reached XP level 7. HP: 32/44 MP: 7/7
  2343 | D:3      | Found Yphor's Magic Scroll Boutique.
  2349 | D:3      | 2349 ||| SHOPLISTING scroll of acquirement (520 gold, have
                  | 126).
  2349 | D:3      | 2349 ||| BUYING scroll of enchant armour (75 gold).
  2349 | D:3      | Bought a scroll of enchant armour for 75 gold pieces
  2349 | D:3      | 2349 ||| SHOPLISTING scroll of enchant armour (75 gold,
                  | have 51).
  2349 | D:3      | 2349 ||| BUYING scroll of identify (20 gold).
  2349 | D:3      | Bought a scroll of identify for 20 gold pieces
  2349 | D:3      | 2349 ||| BUYING scroll of teleportation (30 gold).
  2349 | D:3      | Bought a scroll of teleportation for 30 gold pieces
  2508 | D:3      | 2508 ||| DROPPING amulet of magic regeneration.
  2509 | D:3      | 2509 ||| READING scroll labelled NYOTAKHLETO.
  2510 | D:3      | 2510 ||| DRINKING 2 emerald potions.
  2511 | D:3      | 2511 ||| READING 4 scrolls of identify.
  2511 | D:3      | 2511 ||| IDENTIFYING bubbling silvery potion
  2512 | D:3      | 2512 ||| READING 3 scrolls of identify.
  2512 | D:3      | 2512 ||| IDENTIFYING fuming red potion
  2513 | D:3      | 2513 ||| READING 2 scrolls of identify.
  2513 | D:3      | 2513 ||| IDENTIFYING metallic dark potion
  2514 | D:3      | 2514 ||| DROPPING potion of brilliance.
  2515 | D:3      | 2515 ||| DROPPING potion of magic.
  2530 | D:4      | Noticed Blork the orc
  2531 | D:4      | 2531 ||| Stepping ~*~*~tactically~*~*~ (stealth).
  2545 | D:4      | HP: 8/44 [Blork the orc/+0 long sword (5)]
  2546 | D:4      | 2546 ||| READING 2 scrolls of teleportation.
  2546 | D:4      | HP: 3/44 [constriction (4)]
  2547 | D:4      | 2547 ||| DRINKING 2 potions of heal wounds.
  2549 | D:4      | Killed Blork the orc
  2550 | D:4      | Reached skill level 1 in Dodging
  3072 | D:4      | 3072 ||| Stepping ~*~*~tactically~*~*~ (stealth).
  3095 | D:4      | Found a staircase to the Ecumenical Temple.
  3096 | D:4      | 3096 ||| PLANNING TEMPLE
  3096 | D:4      | 3096 ||| READING scroll labelled PYSERE GIQOELO.
  3119 | D:4      | Reached skill level 6 in Axes
  3130 | Temple   | Entered the Ecumenical Temple
  3156 | Temple   | 3156 ||| PLANNING D:1-11
  3202 | D:4      | 3202 ||| DROPPING +0 whip.
  3233 | D:4      | Found a glowing silver altar of Zin.
  3416 | D:4      | 3416 ||| READING 2 scrolls labelled DIMOCR LOAHO.
  3417 | D:4      | 3417 ||| DROPPING scroll of fog.
  3467 | D:5      | Entered Level 5 of the Dungeon
  3605 | D:5      | Reached XP level 8. HP: 49/50 MP: 8/8
  3637 | D:5      | Found a basalt altar of Yredelemnul.
  3821 | D:5      | HP: 12/50 [wight/+0 great sword (11)]
  3822 | D:5      | 3822 ||| READING 2 scrolls of teleportation.
  3823 | D:5      | 3823 ||| DRINKING potion of heal wounds.
  3912 | D:5      | 3912 ||| Stepping ~*~*~tactically~*~*~ (stealth).
  3996 | D:5      | 3996 ||| Stepping ~*~*~tactically~*~*~ (hiding).
  3997 | D:5      | 3997 ||| Stepping ~*~*~tactically~*~*~ (hiding).
  4001 | D:5      | 4001 ||| Stepping ~*~*~tactically~*~*~ (hiding).
  4002 | D:5      | 4002 ||| Stepping ~*~*~tactically~*~*~ (hiding).
  4271 | D:5      | Reached skill level 6 in Fighting
  4502 | D:5      | 4502 ||| UPGRADING to ring of protection from fire.
  4503 | D:5      | 4503 ||| READING scroll labelled SAAXED EC DYUH.
  4504 | D:5      | 4504 ||| READING 3 scrolls of identify.
  4504 | D:5      | 4504 ||| IDENTIFYING metallic orange potion
  4505 | D:5      | 4505 ||| DROPPING potion of flight.
  4539 | D:6      | 4539 ||| PLANNING SEWER
  4570 | D:6      | Found Guso Juo's Distillery.
  4577 | D:6      | 4577 ||| BUYING 2 potions of curing (78 gold).
  4577 | D:6      | Bought 2 potions of curing for 78 gold pieces
  4577 | D:6      | 4577 ||| BUYING potion of curing (39 gold).
  4577 | D:6      | Bought a potion of curing for 39 gold pieces
  4577 | D:6      | 4577 ||| SHOPLISTING potion of heal wounds (65 gold, have
                  | 61).
  4577 | D:6      | 4577 ||| BUYING potion of lignification (39 gold).
  4577 | D:6      | Bought a potion of lignification for 39 gold pieces
  4577 | D:6      | 4577 ||| SHOPLISTING potion of mutation (104 gold, have
                  | 22).
  4582 | D:6      | Found a glowing drain.
  4644 | Sewer    | Entered a sewer
  4646 | Sewer    | 4646 ||| Stepping ~*~*~tactically~*~*~ (hiding).
  4648 | Sewer    | 4648 ||| Stepping ~*~*~tactically~*~*~ (hiding).
  4654 | Sewer    | 4654 ||| Stepping ~*~*~tactically~*~*~ (hiding).
  4672 | Sewer    | 4672 ||| Stepping ~*~*~tactically~*~*~ (stealth).
  4673 | Sewer    | 4673 ||| Stepping ~*~*~tactically~*~*~ (stealth).
  4772 | Sewer    | 4772 ||| Stepping ~*~*~tactically~*~*~ (stealth).
  4773 | Sewer    | 4773 ||| Stepping ~*~*~tactically~*~*~ (stealth).
  4929 | Sewer    | 4929 ||| Stepping ~*~*~tactically~*~*~ (hiding).
  4944 | Sewer    | Reached skill level 9 in Axes
  4944 | Sewer    | Reached XP level 9. HP: 55/55 MP: 9/9
  5308 | Sewer    | 5308 ||| READING scroll labelled DOLEUNL ZOAN.
  5308 | Sewer    | Identified a scroll of acquirement
  5308 | Sewer    | 5308 ||| ACQUIRING +2 pair of boots of a bazaar {Will+
                  | Regen+ Int-4}
  5308 | Sewer    | Acquired the +2 pair of boots of a bazaar {Will+ Regen+
                  | Int-4}
  5310 | Sewer    | 5310 ||| UPGRADING to +2 pair of boots of a bazaar {Will+
                  | Regen+ Int-4}.
  5315 | Sewer    | 5315 ||| READING 2 scrolls of identify.
  5315 | Sewer    | 5315 ||| IDENTIFYING silvery potion
  5320 | D:6      | 5320 ||| PLANNING D:1-11
  5748 | D:6      | Reached skill level 7 in Fighting
  6064 | D:6      | 6064 ||| UPGRADING to +2 helmet.
  6069 | D:6      | 6069 ||| UPGRADING to +0 pair of gloves.
  6074 | D:6      | 6074 ||| READING 4 scrolls of enchant armour.
  6074 | D:6      | 6074 ||| ENCHANTING +0 pair of gloves.
  6075 | D:6      | 6075 ||| READING 3 scrolls of enchant armour.
  6075 | D:6      | 6075 ||| ENCHANTING +1 pair of gloves.
  6076 | D:6      | 6076 ||| DROPPING +6 ring of intelligence.
  6077 | D:6      | 6077 ||| READING scroll labelled CYRCHE ROGO.
  6144 | D:7      | Found a broken altar of Ashenzari.
  6397 | D:7      | 6397 ||| Stepping ~*~*~tactically~*~*~ (hiding).
  6416 | D:7      | 6416 ||| DROPPING +0 flail.
  6464 | D:7      | Noticed Duvessa
  6464 | D:7      | Noticed Dowan
  6477 | D:7      | Killed Duvessa
  6477 | D:7      | Killed Dowan
  6478 | D:7      | Reached skill level 8 in Fighting
  6586 | D:7      | Found an opulent altar of Gozag.
  6629 | D:7      | 6629 ||| Stepping ~*~*~tactically~*~*~ (stealth).
  6636 | D:7      | Found an iron altar of Okawaru.
  6637 | D:7      | 6637 ||| PLANNING OKAWARU WORSHIP
  6650 | D:7      | Reached XP level 10. HP: 59/64 MP: 10/10
  6654 | D:7      | 6654 ||| DROPPING orb of energy.
  6659 | D:7      | Became a worshipper of Warmaster Okawaru
  6659 | D:7      | 6659 ||| PLANNING D:1-11
  6694 | D:7      | Noticed Joseph
  6695 | D:7      | 6695 ||| Stepping ~*~*~tactically~*~*~ (hiding).
  6708 | D:7      | Killed Joseph
  6769 | D:7      | Found a runed translucent door.
  6770 | D:7      | Noticed Crazy Yiuf
  6949 | D:7      | Noticed Prince Ribbit
  6967 | D:7      | Killed Prince Ribbit
  7162 | D:8      | 7162 ||| DROPPING +2 heavy hand axe.
  7169 | D:8      | 7169 ||| Stepping ~*~*~tactically~*~*~ (hiding).
  7189 | D:8      | Reached * piety under Okawaru
  7201 | D:8      | 7201 ||| INVOKING Heroism.
  7253 | D:8      | 7253 ||| Stepping ~*~*~tactically~*~*~ (stealth).
  7255 | D:8      | 7255 ||| FLEEEEING.
  7256 | D:8      | 7256 ||| FLEEEEING.
  7257 | D:8      | 7257 ||| FLEEEEING.
  7259 | D:8      | 7259 ||| FLEEEEING.
  7261 | D:8      | 7261 ||| Stepping ~*~*~tactically~*~*~ (hiding).
  7262 | D:8      | 7262 ||| Stepping ~*~*~tactically~*~*~ (hiding).
  7353 | D:8      | 7353 ||| INVOKING Heroism.
  7482 | D:8      | 7482 ||| Stepping ~*~*~tactically~*~*~ (stealth).
  7500 | D:8      | 7500 ||| INVOKING Heroism.
  7520 | D:8      | Found a bloodstained altar of Trog.
  7644 | D:8      | 7644 ||| Stepping ~*~*~tactically~*~*~ (stealth).
  7647 | D:8      | 7647 ||| Stepping ~*~*~tactically~*~*~ (stealth).
  7648 | D:8      | 7648 ||| Stepping ~*~*~tactically~*~*~ (stealth).
  7683 | D:8      | Reached skill level 1 in Invocations
  7703 | D:8      | 7703 ||| UPGRADING to +0 chain mail.
  7713 | D:8      | 7713 ||| DROPPING +0 scale mail.
  7714 | D:8      | 7714 ||| UPGRADING to +0 plate armour.
  7724 | D:8      | 7724 ||| DROPPING +0 chain mail.
  7725 | D:8      | 7725 ||| READING 3 scrolls of enchant armour.
  7725 | D:8      | 7725 ||| ENCHANTING +0 plate armour.
  7726 | D:8      | 7726 ||| READING 2 scrolls of enchant armour.
  7726 | D:8      | 7726 ||| ENCHANTING +1 plate armour.
  7727 | D:8      | 7727 ||| READING scroll of enchant armour.
  7727 | D:8      | 7727 ||| ENCHANTING +2 plate armour.
  7728 | D:8      | 7728 ||| READING 5 scrolls of identify.
  7728 | D:8      | 7728 ||| IDENTIFYING lumpy coppery potion
  7729 | D:8      | 7729 ||| DROPPING potion of degeneration.
  7807 | D:9      | 7807 ||| Stepping ~*~*~tactically~*~*~ (stealth).
  7808 | D:9      | 7808 ||| Stepping ~*~*~tactically~*~*~ (stealth).
  7856 | D:9      | Found a staircase to the Orcish Mines.
  7857 | D:9      | 7857 ||| INVOKING Heroism.
  7876 | D:9      | 7876 ||| INVOKING Heroism.
  7889 | D:9      | Reached skill level 3 in Invocations
  7892 | D:9      | 7892 ||| INVOKING Heroism.
  7903 | D:9      | Reached skill level 6 in Armour
  7924 | D:9      | 7924 ||| SWAPPING to +2 war axe of electrocution.
  7925 | D:9      | 7925 ||| DROPPING +1 war axe.
  7996 | D:9      | 7996 ||| READING scroll of enchant weapon.
  7996 | D:9      | 7996 ||| ENCHANTING +2 war axe of electrocution.
  8009 | D:9      | 8009 ||| Stepping ~*~*~tactically~*~*~ (hiding).
  8012 | D:9      | 8012 ||| INVOKING Heroism.
  8176 | D:9      | Found a hazy altar of Hepliaklqana.
  8207 | D:9      | 8207 ||| INVOKING Heroism.
  8302 | D:9      | 8302 ||| INVOKING Heroism.
  8469 | D:9      | Reached XP level 11. HP: 69/69 MP: 14/14
  8526 | D:10     | Entered Level 10 of the Dungeon
  8528 | D:10     | Noticed Erolcha
  8529 | D:10     | 8529 ||| INVOKING Heroism.
  8540 | D:10     | Killed Erolcha
  8540 | D:10     | Reached ** piety under Okawaru
  8579 | D:10     | 8579 ||| Stepping ~*~*~tactically~*~*~ (stealth).
  8738 | D:10     | Found a transporter.
  8738 | D:10     | Noticed qw's ghost (journeyman GrFi)
  8738 | D:10     | Noticed a two-headed ogre
  8739 | D:10     | Identified the +10 dire flail of Asi Ciut {freeze, *Noise
                  | rElec rC+ Dex+2}
  8739 | D:10     | Noticed a two-headed ogre
  8741 | D:10     | Noticed a two-headed ogre
  8747 | D:10     | Found a transporter.
  8781 | D:10     | Identified the +9 quarterstaff of the Depths {protect,
                  | rElec Dex+3}
  8792 | D:10     | 8792 ||| INVOKING Heroism.
  8818 | D:10     | Reached skill level 9 in Fighting
  8826 | D:10     | Found an ancient bone altar of Kikubaaqudgha.
  9279 | D:10     | 9279 ||| UPGRADING to ring of resist corrosion.
  9280 | D:10     | 9280 ||| READING scroll labelled MOGHAY PIECROF.
  9288 | D:11     | Noticed a cyclops
  9289 | D:11     | 9289 ||| INVOKING Heroism.
  9298 | D:11     | Killed a cyclops
  9314 | D:11     | 9314 ||| INVOKING Heroism.
  9349 | D:11     | Found an ornate altar of the Wu Jian Council.
  9415 | D:11     | Noticed Urug
  9416 | D:11     | 9416 ||| INVOKING Heroism.
  9438 | D:11     | Killed Urug
  9510 | D:11     | 9510 ||| INVOKING Heroism.
  9520 | D:11     | Reached skill level 12 in Axes
  9574 | D:11     | 9574 ||| Stepping ~*~*~tactically~*~*~ (stealth).
  9575 | D:11     | 9575 ||| Stepping ~*~*~tactically~*~*~ (stealth).
  9586 | D:11     | Reached *** piety under Okawaru
  9594 | D:11     | Reached skill level 9 in Armour
  9609 | D:11     | Found a staircase to the Lair.
  9616 | D:11     | 9616 ||| INVOKING Heroism.
  9621 | D:11     | Noticed a cyclops
  9629 | D:11     | Killed a cyclops
  9630 | D:11     | Reached skill level 6 in Shields
  9674 | D:11     | Noticed Psyche
  9675 | D:11     | 9675 ||| INVOKING Heroism.
  9698 | D:11     | Killed Psyche
  9699 | D:11     | Reached XP level 12. HP: 76/76 MP: 15/15
  9836 | D:11     | Reached **** piety under Okawaru
  9839 | D:11     | Noticed Maurice
  9864 | D:11     | Killed Maurice
  9865 | D:11     | Reached skill level 10 in Fighting
  9913 | D:11     | 9913 ||| READING scroll of enchant weapon.
  9913 | D:11     | 9913 ||| ENCHANTING +3 war axe of electrocution.
 10089 | D:11     | 10089 ||| INVOKING Heroism.
 10206 | D:11     | 10206 ||| PLANNING LAIR
 10206 | D:11     | 10206 ||| DROPPING +1 pair of gloves.
 10207 | D:11     | 10207 ||| UPGRADING to +0 cloak.
 10212 | D:11     | 10212 ||| READING 5 scrolls of identify.
 10212 | D:11     | 10212 ||| IDENTIFYING bubbling dark potion
 10213 | D:11     | 10213 ||| READING 4 scrolls of identify.
 10213 | D:11     | 10213 ||| IDENTIFYING puce potion
 10237 | Lair:1   | Entered Level 1 of the Lair of Beasts
 10240 | Lair:1   | 10240 ||| Stepping ~*~*~tactically~*~*~ (stealth).
 10241 | Lair:1   | 10241 ||| Stepping ~*~*~tactically~*~*~ (stealth).
 10269 | Lair:1   | 10269 ||| INVOKING Heroism.
 10287 | Lair:1   | Reached skill level 6 in Invocations
 10294 | Lair:1   | 10294 ||| READING scroll of enchant armour.
 10294 | Lair:1   | 10294 ||| ENCHANTING +0 cloak.
 10348 | Lair:1   | 10348 ||| Stepping ~*~*~tactically~*~*~ (stealth).
 10472 | Lair:1   | 10472 ||| Stepping ~*~*~tactically~*~*~ (hiding).
 10845 | Lair:1   | Reached ***** piety under Okawaru
 11161 | Lair:2   | 11161 ||| INVOKING Heroism.
 11296 | Lair:2   | 11296 ||| READING scroll of enchant armour.
 11296 | Lair:2   | 11296 ||| ENCHANTING +1 cloak.
 11335 | Lair:2   | Received a gift from Okawaru
 11420 | Lair:2   | Noticed a catoblepas
 11421 | Lair:2   | 11421 ||| Stepping ~*~*~tactically~*~*~ (hiding).
 11425 | Lair:2   | 11425 ||| INVOKING Heroism.
 11426 | Lair:2   | 11426 ||| INVOKING Finesse.
 11432 | Lair:2   | Killed a catoblepas
 11495 | Lair:2   | Received a gift from Okawaru
 11511 | Lair:2   | 11511 ||| SWAPPING to +1 heavy broad axe.
 11512 | Lair:2   | 11512 ||| DROPPING +4 war axe of electrocution.
 11557 | Lair:2   | Reached XP level 13. HP: 63/82 MP: 19/19
 11558 | Lair:2   | Reached skill level 9 in Invocations
 11721 | Lair:2   | 11721 ||| INVOKING Heroism.
 11848 | Lair:2   | 11848 ||| Stepping ~*~*~tactically~*~*~ (hiding).
 11850 | Lair:2   | 11850 ||| Stepping ~*~*~tactically~*~*~ (hiding).
 11869 | Lair:2   | 11869 ||| READING scroll of enchant armour.
 11869 | Lair:2   | 11869 ||| ENCHANTING +3 plate armour.
 12110 | Lair:3   | 12110 ||| INVOKING Heroism.
 12111 | Lair:3   | 12111 ||| SWAPPING to +0 morningstar.
 12112 | Lair:3   | 12112 ||| INVOKING Finesse.
 12129 | Lair:3   | 12129 ||| SWAPPING to +1 heavy broad axe.
 12259 | Lair:3   | 12259 ||| Stepping ~*~*~tactically~*~*~ (hiding).
 12260 | Lair:3   | 12260 ||| Stepping ~*~*~tactically~*~*~ (hiding).
 12287 | Lair:3   | 12287 ||| READING scroll of enchant weapon.
 12287 | Lair:3   | 12287 ||| ENCHANTING +1 heavy broad axe.
 12464 | Lair:3   | 12464 ||| Stepping ~*~*~tactically~*~*~ (hiding).
 12602 | Lair:3   | 12602 ||| Stepping ~*~*~tactically~*~*~ (stealth).
 12604 | Lair:3   | 12604 ||| INVOKING Heroism.
 12615 | Lair:3   | Found a hole to the Spider Nest.
 12711 | Lair:3   | 12711 ||| Stepping ~*~*~tactically~*~*~ (stealth).
 12723 | Lair:3   | 12723 ||| Stepping ~*~*~tactically~*~*~ (stealth).
 12775 | Lair:3   | 12775 ||| FLEEEEING.
 12778 | Lair:3   | 12778 ||| FLEEEEING.
 12779 | Lair:3   | 12779 ||| Stepping ~*~*~tactically~*~*~ (hiding).
 12846 | Lair:3   | Found a staircase to the Swamp.
 12847 | Lair:3   | 12847 ||| INVOKING Heroism.
 13003 | Lair:4   | 13003 ||| INVOKING Heroism.
 13004 | Lair:4   | 13004 ||| Stepping ~*~*~tactically~*~*~ (stealth).
 13005 | Lair:4   | 13005 ||| Stepping ~*~*~tactically~*~*~ (stealth).
 13077 | Lair:4   | 13077 ||| INVOKING Heroism.
 13259 | Lair:4   | Found a staircase to the Slime Pits.
 13277 | Lair:4   | 13277 ||| Stepping ~*~*~tactically~*~*~ (stealth).
 13278 | Lair:4   | 13278 ||| INVOKING Heroism.
 13386 | Lair:4   | 13386 ||| INVOKING Heroism.
 13537 | Lair:4   | 13537 ||| Stepping ~*~*~tactically~*~*~ (stealth).
 13539 | Lair:4   | 13539 ||| Stepping ~*~*~tactically~*~*~ (stealth).
 13541 | Lair:4   | 13541 ||| INVOKING Heroism.
 13544 | Lair:4   | 13544 ||| Stepping ~*~*~tactically~*~*~ (stealth).
 13554 | Lair:4   | Received a gift from Okawaru
 13722 | Lair:5   | Entered Level 5 of the Lair of Beasts
 13729 | Lair:5   | 13729 ||| STAIRDANCE
 13752 | Lair:5   | 13752 ||| INVOKING Heroism.
 13756 | Lair:5   | 13756 ||| SWAPPING to +0 morningstar.
 13778 | Lair:5   | Reached skill level 11 in Fighting
 13778 | Lair:5   | 13778 ||| FLEEEEING.
 13779 | Lair:5   | 13779 ||| FLEEEEING.
 13780 | Lair:5   | 13780 ||| STAIRDANCE
 13782 | Lair:4   | 13782 ||| SWAPPING to +2 heavy broad axe.
 13834 | Lair:5   | 13834 ||| STAIRDANCE
 14025 | Lair:5   | 14025 ||| Stepping ~*~*~tactically~*~*~ (stealth).
 14046 | Lair:5   | Received a gift from Okawaru
 14089 | Lair:5   | 14089 ||| Stepping ~*~*~tactically~*~*~ (stealth).
 14090 | Lair:5   | 14090 ||| Stepping ~*~*~tactically~*~*~ (stealth).
 14241 | Lair:5   | Gained mutation: Your large and strong wings let you fly.
                  | [Gargoyle growth]
 14241 | Lair:5   | Reached XP level 14. HP: 85/90 MP: 21/21
 14484 | Lair:5   | 14484 ||| Stepping ~*~*~tactically~*~*~ (stealth).
 14485 | Lair:5   | 14485 ||| INVOKING Heroism.
 14617 | Lair:5   | 14617 ||| INVOKING Heroism.
 14725 | Lair:5   | 14725 ||| Stepping ~*~*~tactically~*~*~ (stealth).
 14726 | Lair:5   | 14726 ||| Stepping ~*~*~tactically~*~*~ (stealth).
 14732 | Lair:5   | Reached skill level 15 in Axes
 14740 | Lair:5   | 14740 ||| Stepping ~*~*~tactically~*~*~ (stealth).
 14873 | Lair:5   | 14873 ||| Stepping ~*~*~tactically~*~*~ (stealth).
 14961 | Lair:5   | 14961 ||| Stepping ~*~*~tactically~*~*~ (stealth).
 14962 | Lair:5   | 14962 ||| Stepping ~*~*~tactically~*~*~ (stealth).
 14963 | Lair:5   | 14963 ||| Stepping ~*~*~tactically~*~*~ (stealth).
 15091 | Lair:5   | 15091 ||| PLANNING D
 15091 | Lair:5   | 15091 ||| DROPPING amulet of guardian spirit.
 15092 | Lair:5   | 15092 ||| UPGRADING to ring of see invisible.
 15094 | Lair:5   | 15094 ||| UPGRADING to ring of protection from fire.
 15258 | D:12     | 15258 ||| READING scroll of enchant weapon.
 15258 | D:12     | 15258 ||| ENCHANTING +2 heavy broad axe.
 15300 | D:12     | 15300 ||| Stepping ~*~*~tactically~*~*~ (stealth).
 15314 | D:12     | Received a gift from Okawaru
 15378 | D:12     | 15378 ||| Stepping ~*~*~tactically~*~*~ (hiding).
 15420 | D:12     | 15420 ||| Stepping ~*~*~tactically~*~*~ (hiding).
 15514 | D:12     | 15514 ||| Stepping ~*~*~tactically~*~*~ (stealth).
 15535 | D:12     | 15535 ||| INVOKING Heroism.
 15568 | D:12     | Found a glowing golden altar of the Shining One.
 15609 | D:12     | 15609 ||| INVOKING Heroism.
 15610 | D:12     | 15610 ||| READING 10 scrolls of teleportation.
 15630 | D:12     | 15630 ||| Stepping ~*~*~tactically~*~*~ (stealth).
 15633 | D:12     | 15633 ||| Stepping ~*~*~tactically~*~*~ (stealth).
 15746 | D:12     | Reached skill level 12 in Fighting
 15761 | D:12     | 15761 ||| READING scroll of enchant armour.
 15761 | D:12     | 15761 ||| ENCHANTING +4 plate armour.
 15762 | D:12     | 15762 ||| DROPPING scarf of shadows.
 15781 | D:13     | 15781 ||| FLEEEEING.
 15782 | D:13     | 15782 ||| STAIRDANCE
 15792 | D:13     | 15792 ||| INVOKING Heroism.
 15796 | D:13     | 15796 ||| READING 9 scrolls of teleportation.
 15802 | D:13     | Reached skill level 6 in Throwing
 15871 | D:13     | 15871 ||| INVOKING Heroism.
 15872 | D:13     | 15872 ||| INVOKING Finesse.
 15934 | D:13     | 15934 ||| INVOKING Heroism.
 15996 | D:13     | 15996 ||| Stepping ~*~*~tactically~*~*~ (hiding).
 16109 | D:13     | 16109 ||| Stepping ~*~*~tactically~*~*~ (hiding).
 16110 | D:13     | 16110 ||| Stepping ~*~*~tactically~*~*~ (hiding).
 16111 | D:13     | 16111 ||| Stepping ~*~*~tactically~*~*~ (hiding).
 16114 | D:13     | 16114 ||| Stepping ~*~*~tactically~*~*~ (hiding).
 16117 | D:13     | 16117 ||| INVOKING Heroism.
 16118 | D:13     | 16118 ||| INVOKING Finesse.
 16198 | D:13     | 16198 ||| Stepping ~*~*~tactically~*~*~ (stealth).
 16208 | D:13     | 16208 ||| INVOKING Heroism.
 16212 | D:13     | 16212 ||| READING 8 scrolls of teleportation.
 16217 | D:13     | 16217 ||| READING 7 scrolls of teleportation.
 16309 | D:13     | 16309 ||| INVOKING Heroism.
 16315 | D:13     | Reached skill level 12 in Armour
 16322 | D:13     | 16322 ||| SWAPPING to +0 morningstar.
 16327 | D:13     | 16327 ||| INVOKING Heroism.
 16329 | D:13     | 16329 ||| SWAPPING to +3 heavy broad axe.
 16418 | D:13     | 16418 ||| Stepping ~*~*~tactically~*~*~ (hiding).
 16419 | D:13     | 16419 ||| Stepping ~*~*~tactically~*~*~ (hiding).
 16802 | D:13     | 16802 ||| READING 8 scrolls of identify.
 16802 | D:13     | 16802 ||| IDENTIFYING clear potion
 16803 | D:13     | 16803 ||| DROPPING potion of invisibility.
 16829 | D:14     | 16829 ||| Stepping ~*~*~tactically~*~*~ (hiding).
 16830 | D:14     | 16830 ||| Stepping ~*~*~tactically~*~*~ (hiding).
 16831 | D:14     | 16831 ||| Stepping ~*~*~tactically~*~*~ (hiding).
 16967 | D:14     | 16967 ||| Stepping ~*~*~tactically~*~*~ (hiding).
 16986 | D:14     | Found an ancient bone altar of Kikubaaqudgha.
 17040 | D:14     | 17040 ||| Stepping ~*~*~tactically~*~*~ (stealth).
 17042 | D:14     | 17042 ||| INVOKING Heroism.
 17054 | D:14     | 17054 ||| SWAPPING to +0 morningstar.
 17063 | D:14     | 17063 ||| SWAPPING to +3 heavy broad axe.
 17090 | D:14     | 17090 ||| Stepping ~*~*~tactically~*~*~ (stealth).
 17091 | D:14     | 17091 ||| Stepping ~*~*~tactically~*~*~ (stealth).
 17092 | D:14     | 17092 ||| Stepping ~*~*~tactically~*~*~ (stealth).
 17099 | D:14     | 17099 ||| Stepping ~*~*~tactically~*~*~ (stealth).
 17102 | D:14     | 17102 ||| Stepping ~*~*~tactically~*~*~ (stealth).
 17103 | D:14     | 17103 ||| Stepping ~*~*~tactically~*~*~ (stealth).
 17104 | D:14     | 17104 ||| Stepping ~*~*~tactically~*~*~ (stealth).
 17182 | D:14     | 17182 ||| Stepping ~*~*~tactically~*~*~ (hiding).
 17188 | D:14     | 17188 ||| INVOKING Heroism.
 17192 | D:14     | Received a gift from Okawaru
 17215 | D:14     | 17215 ||| Stepping ~*~*~tactically~*~*~ (hiding).
 17361 | D:14     | 17361 ||| INVOKING Heroism.
 17373 | D:14     | Reached XP level 15. HP: 79/96 MP: 20/22
 17380 | D:14     | 17380 ||| INVOKING Heroism.
 17444 | D:14     | 17444 ||| Stepping ~*~*~tactically~*~*~ (hiding).
 17448 | D:14     | 17448 ||| INVOKING Heroism.
 17700 | D:14     | 17700 ||| Stepping ~*~*~tactically~*~*~ (stealth).
 17903 | D:14     | Found a gate to the Vaults.
 18068 | D:14     | You are sucked into a shaft and drop 1 floor!
 18068 | D:15     | Entered Level 15 of the Dungeon
 18071 | D:15     | 18071 ||| Stepping ~*~*~tactically~*~*~ (hiding).
 18083 | D:15     | Reached skill level 3 in Dodging
 18120 | D:15     | 18120 ||| Stepping ~*~*~tactically~*~*~ (stealth).
 18122 | D:15     | Noticed Kirke
 18124 | D:15     | 18124 ||| INVOKING Heroism.
 18141 | D:15     | Killed Kirke
 18584 | D:15     | 18584 ||| INVOKING Heroism.
 18607 | D:15     | 18607 ||| INVOKING Heroism.
 18656 | D:15     | Found a staircase to the Depths.
 18661 | D:15     | 18661 ||| Stepping ~*~*~tactically~*~*~ (hiding).
 18663 | D:15     | 18663 ||| Stepping ~*~*~tactically~*~*~ (hiding).
 18664 | D:15     | 18664 ||| Stepping ~*~*~tactically~*~*~ (hiding).
 18794 | D:15     | 18794 ||| INVOKING Heroism.
 18795 | D:15     | 18795 ||| Stepping ~*~*~tactically~*~*~ (hiding).
 18806 | D:15     | Received a gift from Okawaru
 18899 | D:15     | Noticed Louise
 18900 | D:15     | 18900 ||| INVOKING Heroism.
 18915 | D:15     | Killed Louise
 18918 | D:15     | 18918 ||| DROPPING +0 morningstar.
 18993 | D:15     | 18993 ||| Stepping ~*~*~tactically~*~*~ (hiding).
 19003 | D:15     | Received a gift from Okawaru
 19066 | D:15     | 19066 ||| Stepping ~*~*~tactically~*~*~ (stealth).
 19284 | D:15     | 19284 ||| PLANNING ORC
 19284 | D:15     | 19284 ||| UPGRADING to +0 tower shield.
 19294 | D:15     | 19294 ||| DROPPING +0 buckler.
 19295 | D:15     | 19295 ||| UPGRADING to amulet of the acrobat.
 19432 | Orc:1    | Entered Level 1 of the Orcish Mines
 19432 | Orc:1    | You are sucked into a shaft and drop 1 floor!
 19432 | Orc:2    | Entered Level 2 of the Orcish Mines
 19433 | Orc:2    | 19433 ||| INVOKING Heroism.
 19440 | Orc:2    | Reached skill level 9 in Shields
 19448 | Orc:2    | 19448 ||| Stepping ~*~*~tactically~*~*~ (hiding).
 19450 | Orc:2    | 19450 ||| Stepping ~*~*~tactically~*~*~ (hiding).
 19451 | Orc:2    | 19451 ||| Stepping ~*~*~tactically~*~*~ (hiding).
 19467 | Orc:2    | 19467 ||| Stepping ~*~*~tactically~*~*~ (stealth).
 19468 | Orc:2    | 19468 ||| Stepping ~*~*~tactically~*~*~ (stealth).
 19469 | Orc:2    | 19469 ||| Stepping ~*~*~tactically~*~*~ (stealth).
 19470 | Orc:2    | 19470 ||| Stepping ~*~*~tactically~*~*~ (stealth).
 19486 | Orc:1    | 19486 ||| INVOKING Heroism.
 19692 | Orc:1    | 19692 ||| INVOKING Heroism.
 20007 | Orc:2    | 20007 ||| Stepping ~*~*~tactically~*~*~ (hiding).
 20240 | Orc:2    | 20240 ||| Stepping ~*~*~tactically~*~*~ (hiding).
 20244 | Orc:2    | 20244 ||| INVOKING Heroism.
 20297 | Orc:2    | 20297 ||| Stepping ~*~*~tactically~*~*~ (hiding).
 20407 | Orc:2    | Found Udiy's Antique Weapon Emporium.
 20491 | Orc:2    | 20491 ||| Stepping ~*~*~tactically~*~*~ (hiding).
 20495 | Orc:2    | 20495 ||| Stepping ~*~*~tactically~*~*~ (hiding).
 20512 | Orc:2    | 20512 ||| Stepping ~*~*~tactically~*~*~ (hiding).
 20540 | Orc:2    | 20540 ||| Stepping ~*~*~tactically~*~*~ (stealth).
 20544 | Orc:2    | 20544 ||| Stepping ~*~*~tactically~*~*~ (stealth).
 20574 | Orc:2    | 20574 ||| Stepping ~*~*~tactically~*~*~ (stealth).
 20588 | Orc:2    | 20588 ||| INVOKING Heroism.
 20591 | Orc:2    | Paralysed by an orc sorcerer for 4 turns
 20633 | Orc:2    | Found Xomigeem's Assorted Antiques.
 20641 | Orc:2    | 20641 ||| BUYING 3 scrolls of teleportation (252 gold).
 20641 | Orc:2    | Bought 3 scrolls of teleportation for 252 gold pieces
 20641 | Orc:2    | 20641 ||| BUYING scroll labelled RIDUMO VIPPIT (28 gold).
 20641 | Orc:2    | Bought a scroll labelled RIDUMO VIPPIT for 28 gold pieces
 20641 | Orc:2    | 20641 ||| BUYING scroll of identify (56 gold).
 20641 | Orc:2    | Bought a scroll of identify for 56 gold pieces
 20678 | Orc:2    | Found a staircase to the Elven Halls.
 20733 | Orc:2    | 20733 ||| Stepping ~*~*~tactically~*~*~ (hiding).
 20778 | Orc:2    | 20778 ||| INVOKING Heroism.
 20833 | Orc:2    | 20833 ||| Stepping ~*~*~tactically~*~*~ (stealth).
 20841 | Orc:2    | Noticed an orc warlord
 20841 | Orc:2    | 20841 ||| INVOKING Heroism.
 20858 | Orc:2    | Killed an orc warlord
 20871 | Orc:2    | 20871 ||| INVOKING Heroism.
 20880 | Orc:2    | 20880 ||| Stepping ~*~*~tactically~*~*~ (hiding).
 20881 | Orc:2    | 20881 ||| Stepping ~*~*~tactically~*~*~ (hiding).
 20926 | Orc:2    | 20926 ||| Stepping ~*~*~tactically~*~*~ (stealth).
 20944 | Orc:2    | Found Tomoet's Antique Weapon Emporium.
 20948 | Orc:2    | Found Osiutoneok's Antique Armour Shoppe.
 20962 | Orc:2    | 20962 ||| BUYING glowing cloak (255 gold).
 20962 | Orc:2    | Bought a glowing cloak for 255 gold pieces
 20962 | Orc:2    | 20962 ||| BUYING pair of glowing gloves (255 gold).
 20962 | Orc:2    | Bought a pair of glowing gloves for 255 gold pieces
 20962 | Orc:2    | 20962 ||| SHOPLISTING runed shadow dragon scales (2822
                  | gold, have 1606).
 21006 | Orc:2    | 21006 ||| Stepping ~*~*~tactically~*~*~ (stealth).
 21007 | Orc:2    | 21007 ||| Stepping ~*~*~tactically~*~*~ (stealth).
 21009 | Orc:2    | 21009 ||| Stepping ~*~*~tactically~*~*~ (stealth).
 21010 | Orc:2    | 21010 ||| Stepping ~*~*~tactically~*~*~ (stealth).
 21023 | Orc:2    | 21023 ||| PLANNING SWAMP:1-3
 21023 | Orc:2    | 21023 ||| DROPPING +0 cloak of preservation.
 21024 | Orc:2    | 21024 ||| DROPPING +2 pair of gloves.
 21025 | Orc:2    | 21025 ||| READING scroll labelled RIDUMO VIPPIT.
 21310 | Swamp:1  | Entered Level 1 of the Swamp
 21311 | Swamp:1  | 21311 ||| INVOKING Heroism.
 21314 | Swamp:1  | 21314 ||| SWAPPING to +1 morningstar of protection.
 21333 | Swamp:1  | 21333 ||| STAIRDANCE
 21340 | Lair:3   | HP: 21/96 [four-headed hydra (11)]
 21341 | Lair:3   | 21341 ||| READING 9 scrolls of teleportation.
 21342 | Lair:3   | 21342 ||| DRINKING 6 potions of heal wounds.
 21344 | Lair:3   | Reached XP level 16. HP: 42/101 MP: 23/23
 21344 | Lair:3   | 21344 ||| SWAPPING to +3 heavy broad axe.
 21459 | Swamp:1  | 21459 ||| INVOKING Heroism.
 21464 | Swamp:1  | Received a gift from Okawaru
 21466 | Swamp:1  | Reached skill level 12 in Shields
 21507 | Swamp:1  | 21507 ||| READING scroll of enchant armour.
 21507 | Swamp:1  | 21507 ||| ENCHANTING +5 plate armour.
 21551 | Swamp:1  | 21551 ||| Stepping ~*~*~tactically~*~*~ (hiding).
 21574 | Swamp:1  | 21574 ||| INVOKING Heroism.
 21580 | Swamp:1  | 21580 ||| Stepping ~*~*~tactically~*~*~ (stealth).
 21584 | Swamp:1  | 21584 ||| Stepping ~*~*~tactically~*~*~ (hiding).
 21585 | Swamp:1  | 21585 ||| SWAPPING to +1 morningstar of protection.
 21599 | Swamp:1  | 21599 ||| SWAPPING to +3 heavy broad axe.
 21644 | Swamp:1  | 21644 ||| INVOKING Heroism.
 21710 | Swamp:1  | 21710 ||| Stepping ~*~*~tactically~*~*~ (stealth).
 21711 | Swamp:1  | 21711 ||| INVOKING Heroism.
 22035 | Swamp:2  | 22035 ||| Stepping ~*~*~tactically~*~*~ (hiding).
 22047 | Swamp:2  | Noticed a thorn hunter
 22048 | Swamp:2  | 22048 ||| INVOKING Heroism.
 22054 | Swamp:2  | Killed a thorn hunter
 22058 | Swamp:2  | 22058 ||| Stepping ~*~*~tactically~*~*~ (cloud).
 22065 | Swamp:2  | Received a gift from Okawaru
 22077 | Swamp:2  | 22077 ||| INVOKING Heroism.
 22078 | Swamp:2  | 22078 ||| SWAPPING to +1 morningstar of protection.
 22086 | Swamp:2  | HP: 17/101 [eight-headed hydra (11)]
 22087 | Swamp:2  | 22087 ||| READING 8 scrolls of teleportation.
 22088 | Swamp:2  | 22088 ||| DRINKING 5 potions of heal wounds.
 22090 | Swamp:2  | 22090 ||| DRINKING 4 potions of heal wounds.
 22091 | Swamp:2  | 22091 ||| SWAPPING to +3 heavy broad axe.
 22096 | Swamp:2  | 22096 ||| SWAPPING to +1 morningstar of protection.
 22100 | Swamp:2  | 22100 ||| SWAPPING to +3 heavy broad axe.
 22103 | Swamp:2  | HP: 22/101 [spectral fenstrider witch[a ghost crab] (9)]
 22104 | Swamp:2  | 22104 ||| READING 7 scrolls of teleportation.
 22105 | Swamp:2  | 22105 ||| DRINKING 3 potions of heal wounds.
 22106 | Swamp:2  | Found a transporter.
 22117 | Swamp:2  | 22117 ||| Stepping ~*~*~tactically~*~*~ (stealth).
 22118 | Swamp:2  | 22118 ||| Stepping ~*~*~tactically~*~*~ (stealth).
 22119 | Swamp:2  | 22119 ||| INVOKING Heroism.
 22122 | Swamp:2  | 22122 ||| Stepping ~*~*~tactically~*~*~ (stealth).
 22125 | Swamp:2  | Noticed Suryr's ghost (adept GnHW)
 22135 | Swamp:2  | 22135 ||| Stepping ~*~*~tactically~*~*~ (hiding).
 22137 | Swamp:2  | 22137 ||| Stepping ~*~*~tactically~*~*~ (hiding).
 22138 | Swamp:2  | 22138 ||| Stepping ~*~*~tactically~*~*~ (hiding).
 22146 | Swamp:2  | 22146 ||| Stepping ~*~*~tactically~*~*~ (cloud).
 22174 | Swamp:2  | 22174 ||| INVOKING Heroism.
 22307 | Swamp:2  | Found a transporter.
 22503 | Swamp:2  | 22503 ||| UPGRADING to +6 ring of strength.
 22546 | Swamp:3  | 22546 ||| INVOKING Heroism.
 22610 | Swamp:3  | 22610 ||| Stepping ~*~*~tactically~*~*~ (stealth).
 22613 | Swamp:3  | 22613 ||| Stepping ~*~*~tactically~*~*~ (stealth).
 22614 | Swamp:3  | 22614 ||| Stepping ~*~*~tactically~*~*~ (stealth).
 22618 | Swamp:3  | 22618 ||| INVOKING Heroism.
 22631 | Swamp:3  | 22631 ||| Stepping ~*~*~tactically~*~*~ (hiding).
 22743 | Swamp:3  | 22743 ||| INVOKING Heroism.
 22758 | Swamp:3  | 22758 ||| Stepping ~*~*~tactically~*~*~ (hiding).
 22778 | Swamp:3  | 22778 ||| FLEEEEING.
 22781 | Swamp:3  | 22781 ||| FLEEEEING.
 22782 | Swamp:3  | HP: 24/101 [will-o-the-wisp/foxfire (20)]
 22783 | Swamp:3  | 22783 ||| READING 6 scrolls of teleportation.
 22784 | Swamp:3  | 22784 ||| FLEEEEING.
 22785 | Swamp:3  | 22785 ||| FLEEEEING.
 22787 | Swamp:3  | 22787 ||| INVOKING Heroism.
 22787 | Swamp:3  | Noticed a thorn hunter
 22791 | Swamp:3  | HP: 10/101 [thorn hunter/volley of thorns (25)]
 22792 | Swamp:3  | 22792 ||| READING 5 scrolls of teleportation.
 22793 | Swamp:3  | 22793 ||| DRINKING 2 potions of heal wounds.
 22796 | Swamp:3  | 22796 ||| READING 4 scrolls of teleportation.
 22796 | Swamp:3  | HP: 19/101 [thorn hunter (6)]
 22797 | Swamp:3  | 22797 ||| DRINKING potion of heal wounds.
 22801 | Swamp:3  | 22801 ||| READING 3 scrolls of teleportation.
 22801 | Swamp:3  | HP: 18/101 [thorn hunter/volley of thorns (3)]
 22806 | Swamp:3  | 22806 ||| READING 2 scrolls of teleportation.
 22952 | Swamp:3  | 22952 ||| READING 3 scrolls of enchant weapon.
 22952 | Swamp:3  | 22952 ||| ENCHANTING +3 heavy broad axe.
 22953 | Swamp:3  | 22953 ||| READING 2 scrolls of enchant weapon.
 22953 | Swamp:3  | 22953 ||| ENCHANTING +4 heavy broad axe.
 22954 | Swamp:3  | 22954 ||| READING scroll of enchant weapon.
 22954 | Swamp:3  | 22954 ||| ENCHANTING +5 heavy broad axe.
 22963 | Swamp:3  | Found a large runed translucent door.
 22963 | Swamp:3  | Found a large runed translucent door.
 22968 | Swamp:3  | Noticed swinepaste's ghost (journeyman DsMo)
 22982 | Swamp:3  | Received a gift from Okawaru
 22983 | Swamp:3  | Reached skill level 15 in Shields
 23140 | Swamp:3  | 23140 ||| INVOKING Heroism.
 23152 | Swamp:3  | Killed a thorn hunter
 23208 | Swamp:3  | 23208 ||| READING scroll of enchant weapon.
 23208 | Swamp:3  | 23208 ||| ENCHANTING +6 heavy broad axe.
 23352 | Swamp:3  | 23352 ||| PLANNING SPIDER:1-3
 23352 | Swamp:3  | 23352 ||| READING scroll labelled IDDECKAKHA.
 23495 | Spider:1 | Entered Level 1 of the Spider Nest
 23660 | Spider:1 | Noticed Mlioglotl
 23661 | Spider:1 | 23661 ||| INVOKING Heroism.
 23664 | Spider:1 | 23664 ||| Stepping ~*~*~tactically~*~*~ (hiding).
 23669 | Spider:1 | Noticed an ancient lich
 23672 | Spider:1 | Noticed a tentacled starspawn
 23672 | Spider:1 | Killed Mlioglotl
 23690 | Spider:1 | 23690 ||| Stepping ~*~*~tactically~*~*~ (stealth).
 23702 | Spider:1 | 23702 ||| Stepping ~*~*~tactically~*~*~ (stealth).
 23844 | Spider:1 | 23844 ||| FLEEEEING.
 23845 | Spider:1 | 23845 ||| FLEEEEING.
 23846 | Spider:1 | 23846 ||| FLEEEEING.
 23847 | Spider:1 | 23847 ||| FLEEEEING.
 23849 | Spider:1 | 23849 ||| FLEEEEING.
 23850 | Spider:1 | 23850 ||| FLEEEEING.
 23851 | Spider:1 | 23851 ||| FLEEEEING.
 23852 | Spider:1 | 23852 ||| FLEEEEING.
 23853 | Spider:1 | 23853 ||| FLEEEEING.
 23854 | Spider:1 | 23854 ||| FLEEEEING.
 23855 | Spider:1 | 23855 ||| FLEEEEING.
 23856 | Spider:1 | 23856 ||| FLEEEEING.
 23857 | Spider:1 | 23857 ||| FLEEEEING.
 23863 | Spider:1 | Received a gift from Okawaru
 23893 | Spider:1 | 23893 ||| INVOKING Heroism.
 24124 | Spider:1 | 24124 ||| INVOKING Heroism.
 24152 | Spider:1 | 24152 ||| Stepping ~*~*~tactically~*~*~ (stealth).
 24165 | Spider:1 | 24165 ||| INVOKING Finesse.
 24184 | Spider:1 | Reached XP level 17. HP: 106/106 MP: 20/24
 24187 | Spider:1 | 24187 ||| Stepping ~*~*~tactically~*~*~ (hiding).
 24242 | Spider:1 | 24242 ||| READING scroll of enchant armour.
 24242 | Spider:1 | 24242 ||| ENCHANTING +6 plate armour.
 24432 | Spider:1 | 24432 ||| INVOKING Heroism.
 24435 | Spider:1 | 24435 ||| Stepping ~*~*~tactically~*~*~ (stealth).
 24447 | Spider:1 | Received a gift from Okawaru
 24465 | Spider:1 | 24465 ||| Stepping ~*~*~tactically~*~*~ (stealth).
 24488 | Spider:1 | 24488 ||| INVOKING Heroism.
 25418 | Spider:2 | 25418 ||| INVOKING Heroism.
 25678 | Spider:2 | 25678 ||| INVOKING Heroism.
 25685 | Spider:2 | Received a gift from Okawaru
 25700 | Spider:2 | 25700 ||| INVOKING Finesse.
 25707 | Spider:2 | Reached skill level 13 in Fighting
 26131 | Spider:3 | 26131 ||| INVOKING Heroism.
 26161 | Spider:3 | 26161 ||| Stepping ~*~*~tactically~*~*~ (hiding).
 26193 | Spider:3 | 26193 ||| Stepping ~*~*~tactically~*~*~ (stealth).
 26195 | Spider:3 | 26195 ||| Stepping ~*~*~tactically~*~*~ (stealth).
 26197 | Spider:3 | 26197 ||| Stepping ~*~*~tactically~*~*~ (stealth).
 26470 | Spider:3 | 26470 ||| INVOKING Finesse.
 26534 | Spider:3 | 26534 ||| Stepping ~*~*~tactically~*~*~ (stealth).
 26536 | Spider:3 | 26536 ||| Stepping ~*~*~tactically~*~*~ (stealth).
 26537 | Spider:3 | 26537 ||| Stepping ~*~*~tactically~*~*~ (stealth).
 26540 | Spider:3 | 26540 ||| Stepping ~*~*~tactically~*~*~ (stealth).
 26553 | Spider:3 | 26553 ||| Stepping ~*~*~tactically~*~*~ (stealth).
 26555 | Spider:3 | 26555 ||| INVOKING Heroism.
 26556 | Spider:3 | 26556 ||| INVOKING Finesse.
 26658 | Spider:3 | 26658 ||| Stepping ~*~*~tactically~*~*~ (stealth).
 26831 | Spider:3 | Noticed Arachne
 26841 | Spider:3 | 26841 ||| DRINKING 17 potions of curing.
 26841 | Spider:3 | 26841 ||| (to cure confusion)
 26849 | Spider:3 | Killed Arachne
 27091 | Spider:3 | 27091 ||| Stepping ~*~*~tactically~*~*~ (hiding).
 27093 | Spider:3 | 27093 ||| Stepping ~*~*~tactically~*~*~ (hiding).
 27096 | Spider:3 | 27096 ||| INVOKING Finesse.
 27744 | Spider:3 | 27744 ||| PLANNING SWAMP:4
 27939 | Swamp:4  | Entered Level 4 of the Swamp
 27949 | Swamp:4  | 27949 ||| READING scroll of enchant armour.
 27949 | Swamp:4  | 27949 ||| ENCHANTING +7 plate armour.
 27964 | Swamp:4  | 27964 ||| Stepping ~*~*~tactically~*~*~ (hiding).
 27973 | Swamp:4  | Received a gift from Okawaru
 27974 | Swamp:4  | 27974 ||| INVOKING Heroism.
 27976 | Swamp:4  | 27976 ||| Stepping ~*~*~tactically~*~*~ (stealth).
 27982 | Swamp:4  | 27982 ||| SWAPPING to +1 morningstar of protection.
 27988 | Swamp:4  | 27988 ||| SWAPPING to +7 vampiric broad axe.
 28029 | Swamp:4  | 28029 ||| INVOKING Heroism.
 28055 | Swamp:4  | 28055 ||| SWAPPING to +1 morningstar of protection.
 28059 | Swamp:4  | 28059 ||| SWAPPING to +7 vampiric broad axe.
 28088 | Swamp:4  | 28088 ||| Stepping ~*~*~tactically~*~*~ (stealth).
 28090 | Swamp:4  | 28090 ||| Stepping ~*~*~tactically~*~*~ (stealth).
 28099 | Swamp:4  | 28099 ||| Stepping ~*~*~tactically~*~*~ (stealth).
 28101 | Swamp:4  | 28101 ||| FLEEEEING.
 28105 | Swamp:4  | 28105 ||| Stepping ~*~*~tactically~*~*~ (hiding).
 28106 | Swamp:4  | 28106 ||| Stepping ~*~*~tactically~*~*~ (hiding).
 28118 | Swamp:4  | 28118 ||| INVOKING Heroism.
 28189 | Swamp:4  | Noticed Donald
 28190 | Swamp:4  | 28190 ||| Stepping ~*~*~tactically~*~*~ (hiding).
 28194 | Swamp:4  | 28194 ||| INVOKING Heroism.
 28208 | Swamp:4  | Killed Donald
 28213 | Swamp:4  | 28213 ||| Stepping ~*~*~tactically~*~*~ (cloud).
 28274 | Swamp:4  | 28274 ||| INVOKING Heroism.
 28289 | Swamp:4  | 28289 ||| SWAPPING to +1 morningstar of protection.
 28293 | Swamp:4  | 28293 ||| SWAPPING to +7 vampiric broad axe.
 28388 | Swamp:4  | Reached skill level 18 in Axes
 28445 | Swamp:4  | 28445 ||| INVOKING Heroism.
 28515 | Swamp:4  | 28515 ||| INVOKING Heroism.
 28517 | Swamp:4  | 28517 ||| Stepping ~*~*~tactically~*~*~ (cloud).
 28715 | Swamp:4  | 28715 ||| SWAPPING to +1 morningstar of protection.
 28717 | Swamp:4  | 28717 ||| SWAPPING to +7 vampiric broad axe.
 28787 | Swamp:4  | 28787 ||| UPGRADING to scarf of resistance.
 28806 | Swamp:4  | 28806 ||| Stepping ~*~*~tactically~*~*~ (stealth).
 28816 | Swamp:4  | 28816 ||| SWAPPING to +1 morningstar of protection.
 28821 | Swamp:4  | 28821 ||| SWAPPING to +7 vampiric broad axe.
 28835 | Swamp:4  | 28835 ||| Stepping ~*~*~tactically~*~*~ (stealth).
 28836 | Swamp:4  | 28836 ||| Stepping ~*~*~tactically~*~*~ (stealth).
 28843 | Swamp:4  | 28843 ||| Stepping ~*~*~tactically~*~*~ (stealth).
 28846 | Swamp:4  | 28846 ||| Stepping ~*~*~tactically~*~*~ (hiding).
 28852 | Swamp:4  | 28852 ||| SWAPPING to +1 morningstar of protection.
 28855 | Swamp:4  | 28855 ||| SWAPPING to +7 vampiric broad axe.
 28857 | Swamp:4  | 28857 ||| SWAPPING to +1 morningstar of protection.
 28859 | Swamp:4  | 28859 ||| SWAPPING to +7 vampiric broad axe.
 28863 | Swamp:4  | 28863 ||| SWAPPING to +1 morningstar of protection.
 28868 | Swamp:4  | 28868 ||| SWAPPING to +7 vampiric broad axe.
 28872 | Swamp:4  | 28872 ||| INVOKING Heroism.
 28880 | Swamp:4  | Reached XP level 18. HP: 94/114 MP: 23/25
 28889 | Swamp:4  | 28889 ||| DROPPING +1 morningstar of protection.
 28950 | Swamp:4  | Got a decaying rune of Zot
 28951 | Swamp:4  | 28951 ||| PLANNING VAULTS:1-4
 29256 | Vaults:1 | Entered Level 1 of the Vaults
 29406 | Vaults:1 | 29406 ||| READING scroll of enchant armour.
 29406 | Vaults:1 | 29406 ||| ENCHANTING +8 plate armour.
 29437 | Vaults:1 | 29437 ||| Stepping ~*~*~tactically~*~*~ (stealth).
 29439 | Vaults:1 | 29439 ||| Stepping ~*~*~tactically~*~*~ (stealth).
 29441 | Vaults:1 | 29441 ||| Stepping ~*~*~tactically~*~*~ (stealth).
 29533 | Vaults:1 | 29533 ||| Stepping ~*~*~tactically~*~*~ (hiding).
 29547 | Vaults:1 | 29547 ||| INVOKING Heroism.
 29579 | Vaults:1 | Reached skill level 14 in Fighting
 29582 | Vaults:1 | Received a gift from Okawaru
 29647 | Vaults:1 | Reached skill level 18 in Shields
 29675 | Vaults:1 | 29675 ||| Stepping ~*~*~tactically~*~*~ (hiding).
 29677 | Vaults:1 | 29677 ||| Stepping ~*~*~tactically~*~*~ (hiding).
 29729 | Vaults:1 | Received a gift from Okawaru
 29783 | Vaults:1 | Identified the +6 chain mail of the Mind {Regen+ Dex+6}
 29949 | Vaults:1 | 29949 ||| Stepping ~*~*~tactically~*~*~ (hiding).
 29965 | Vaults:1 | Reached skill level 15 in Fighting
 30025 | Vaults:1 | Received a gift from Okawaru
 30034 | Vaults:1 | 30034 ||| Stepping ~*~*~tactically~*~*~ (hiding).
 30060 | Vaults:1 | 30060 ||| INVOKING Heroism.
 30061 | Vaults:1 | 30061 ||| INVOKING Finesse.
 30202 | Vaults:1 | 30202 ||| Stepping ~*~*~tactically~*~*~ (hiding).
 30402 | Vaults:1 | 30402 ||| Stepping ~*~*~tactically~*~*~ (stealth).
 30403 | Vaults:1 | 30403 ||| Stepping ~*~*~tactically~*~*~ (stealth).
 30405 | Vaults:1 | 30405 ||| Stepping ~*~*~tactically~*~*~ (stealth).
 30413 | Vaults:1 | 30413 ||| Stepping ~*~*~tactically~*~*~ (hiding).
 30536 | Vaults:2 | Received a gift from Okawaru
 30557 | Vaults:2 | Found a staircase to the Crypt.
 30603 | Vaults:2 | 30603 ||| INVOKING Heroism.
 30604 | Vaults:2 | 30604 ||| INVOKING Finesse.
 30649 | Vaults:2 | 30649 ||| Stepping ~*~*~tactically~*~*~ (hiding).
 30668 | Vaults:2 | Received a gift from Okawaru
 30877 | Vaults:2 | 30877 ||| INVOKING Finesse.
 30892 | Vaults:2 | 30892 ||| DRINKING 5 potions of cancellation.
 30894 | Vaults:2 | Identified the scarf of Forking Paths {harm, rCorr MP-9
                  | Dex+6} (Okawaru gifted it to you on level 2 of the Vaults)
 30894 | Vaults:2 | Received a gift from Okawaru
 30938 | Vaults:2 | 30938 ||| Stepping ~*~*~tactically~*~*~ (hiding).
 31024 | Vaults:2 | 31024 ||| Stepping ~*~*~tactically~*~*~ (stealth).
 31048 | Vaults:2 | 31048 ||| Stepping ~*~*~tactically~*~*~ (stealth).
 31049 | Vaults:2 | 31049 ||| Stepping ~*~*~tactically~*~*~ (stealth).
 31062 | Vaults:2 | 31062 ||| Stepping ~*~*~tactically~*~*~ (stealth).
 31112 | Vaults:2 | 31112 ||| INVOKING Finesse.
 31371 | Vaults:2 | 31371 ||| FLEEEEING.
 31372 | Vaults:2 | 31372 ||| FLEEEEING.
 31373 | Vaults:2 | 31373 ||| FLEEEEING.
 31374 | Vaults:2 | 31374 ||| FLEEEEING.
 31375 | Vaults:2 | 31375 ||| FLEEEEING.
 31376 | Vaults:2 | 31376 ||| FLEEEEING.
 31380 | Vaults:2 | 31380 ||| FLEEEEING.
 31381 | Vaults:2 | 31381 ||| FLEEEEING.
 31382 | Vaults:2 | 31382 ||| FLEEEEING.
 31383 | Vaults:2 | 31383 ||| FLEEEEING.
 31384 | Vaults:2 | 31384 ||| FLEEEEING.
 31385 | Vaults:2 | 31385 ||| FLEEEEING.
 31386 | Vaults:2 | 31386 ||| FLEEEEING.
 31387 | Vaults:2 | 31387 ||| FLEEEEING.
 31393 | Vaults:2 | 31393 ||| FLEEEEING.
 31394 | Vaults:2 | 31394 ||| FLEEEEING.
 31395 | Vaults:2 | 31395 ||| FLEEEEING.
 31396 | Vaults:2 | 31396 ||| FLEEEEING.
 31397 | Vaults:2 | 31397 ||| FLEEEEING.
 31398 | Vaults:2 | 31398 ||| FLEEEEING.
 31399 | Vaults:2 | 31399 ||| FLEEEEING.
 31405 | Vaults:2 | 31405 ||| FLEEEEING.
 31406 | Vaults:2 | 31406 ||| FLEEEEING.
 31407 | Vaults:2 | 31407 ||| FLEEEEING.
 31408 | Vaults:2 | 31408 ||| FLEEEEING.
 31409 | Vaults:2 | 31409 ||| FLEEEEING.
 31415 | Vaults:2 | 31415 ||| STAIRDANCE
 31517 | Vaults:1 | 31517 ||| DROPPING +1 helmet.
 31518 | Vaults:1 | 31518 ||| DROPPING ring of willpower.
 31519 | Vaults:1 | 31519 ||| DROPPING ring of fire.
 31520 | Vaults:1 | 31520 ||| UPGRADING to +4 ring of slaying {mikee}.
 31524 | Vaults:2 | 31524 ||| STAIRDANCE
 31636 | Vaults:2 | 31636 ||| STAIRDANCE
 31704 | Vaults:2 | Reached XP level 19. HP: 124/124 MP: 26/26
 31806 | Vaults:2 | 31806 ||| Stepping ~*~*~tactically~*~*~ (hiding).
 31808 | Vaults:2 | 31808 ||| Stepping ~*~*~tactically~*~*~ (hiding).
 32125 | Vaults:3 | Noticed Asterion
 32125 | Vaults:3 | Noticed Sojobo
 32126 | Vaults:3 | 32126 ||| INVOKING Heroism.
 32127 | Vaults:3 | 32127 ||| INVOKING Finesse.
 32144 | Vaults:3 | Reached skill level 16 in Fighting
 32172 | Vaults:3 | Killed Asterion
 32185 | Vaults:3 | Paralysed by an air elemental for 1 turns
 32202 | Vaults:3 | Killed Sojobo
 32290 | Vaults:3 | Reached skill level 15 in Armour
 32314 | Vaults:3 | Received a gift from Okawaru
 32378 | Vaults:3 | Received a gift from Okawaru
 32383 | Vaults:3 | Reached skill level 17 in Fighting
 32559 | Vaults:3 | 32559 ||| INVOKING Heroism.
 32599 | Vaults:3 | 32599 ||| Stepping ~*~*~tactically~*~*~ (stealth).
 32601 | Vaults:3 | 32601 ||| Stepping ~*~*~tactically~*~*~ (hiding).
 32663 | Vaults:3 | Noticed Nikola
 32663 | Vaults:3 | 32663 ||| Stepping ~*~*~tactically~*~*~ (hiding).
 32665 | Vaults:3 | 32665 ||| INVOKING Heroism.
 32666 | Vaults:3 | 32666 ||| INVOKING Finesse.
 32697 | Vaults:3 | Killed Nikola
 32699 | Vaults:3 | 32699 ||| Stepping ~*~*~tactically~*~*~ (hiding).
 32708 | Vaults:3 | 32708 ||| Stepping ~*~*~tactically~*~*~ (hiding).
 32745 | Vaults:3 | 32745 ||| READING scroll of enchant weapon.
 32745 | Vaults:3 | 32745 ||| ENCHANTING +7 vampiric broad axe.
 32786 | Vaults:3 | 32786 ||| Stepping ~*~*~tactically~*~*~ (stealth).
 32835 | Vaults:3 | 32835 ||| Stepping ~*~*~tactically~*~*~ (stealth).
 32848 | Vaults:3 | 32848 ||| READING scroll of enchant armour.
 32848 | Vaults:3 | 32848 ||| ENCHANTING +9 plate armour.
 33003 | Vaults:3 | 33003 ||| Stepping ~*~*~tactically~*~*~ (hiding).
 33005 | Vaults:3 | 33005 ||| Stepping ~*~*~tactically~*~*~ (hiding).
 33007 | Vaults:3 | 33007 ||| Stepping ~*~*~tactically~*~*~ (hiding).
 33193 | Vaults:3 | 33193 ||| FLEEEEING.
 33196 | Vaults:3 | 33196 ||| FLEEEEING.
 33197 | Vaults:3 | 33197 ||| FLEEEEING.
 33198 | Vaults:3 | 33198 ||| FLEEEEING.
 33199 | Vaults:3 | 33199 ||| FLEEEEING.
 33208 | Vaults:3 | 33208 ||| FLEEEEING.
 33209 | Vaults:3 | 33209 ||| FLEEEEING.
 33210 | Vaults:3 | 33210 ||| FLEEEEING.
 33211 | Vaults:3 | 33211 ||| FLEEEEING.
 33217 | Vaults:3 | 33217 ||| FLEEEEING.
 33218 | Vaults:3 | 33218 ||| FLEEEEING.
 33220 | Vaults:3 | 33220 ||| FLEEEEING.
 33222 | Vaults:3 | 33222 ||| FLEEEEING.
 33231 | Vaults:3 | 33231 ||| FLEEEEING.
 33232 | Vaults:3 | 33232 ||| FLEEEEING.
 33233 | Vaults:3 | 33233 ||| FLEEEEING.
 33234 | Vaults:3 | 33234 ||| FLEEEEING.
 33236 | Vaults:3 | 33236 ||| STAIRDANCE
 33338 | Vaults:2 | 33338 ||| DROPPING ring of positive energy.
 33344 | Vaults:3 | 33344 ||| Stepping ~*~*~tactically~*~*~ (hiding).
 33763 | Vaults:4 | 33763 ||| Stepping ~*~*~tactically~*~*~ (hiding).
 33791 | Vaults:4 | Received a gift from Okawaru
 33792 | Vaults:4 | 33792 ||| Stepping ~*~*~tactically~*~*~ (hiding).
 33831 | Vaults:4 | 33831 ||| Stepping ~*~*~tactically~*~*~ (stealth).
 33835 | Vaults:4 | 33835 ||| INVOKING Finesse.
 33894 | Vaults:4 | 33894 ||| Stepping ~*~*~tactically~*~*~ (hiding).
 33895 | Vaults:4 | 33895 ||| Stepping ~*~*~tactically~*~*~ (hiding).
 33896 | Vaults:4 | 33896 ||| INVOKING Heroism.
 33898 | Vaults:4 | 33898 ||| Stepping ~*~*~tactically~*~*~ (hiding).
 33900 | Vaults:4 | 33900 ||| INVOKING Finesse.
 34003 | Vaults:4 | Reached skill level 9 in Throwing
 34013 | Vaults:4 | Reached XP level 20. HP: 134/134 MP: 27/27
 34019 | Vaults:4 | 34019 ||| INVOKING Heroism.
 34038 | Vaults:4 | Received a gift from Okawaru
 34235 | Vaults:4 | 34235 ||| Stepping ~*~*~tactically~*~*~ (hiding).
 34236 | Vaults:4 | 34236 ||| Stepping ~*~*~tactically~*~*~ (hiding).
 34237 | Vaults:4 | 34237 ||| Stepping ~*~*~tactically~*~*~ (hiding).
 34241 | Vaults:4 | 34241 ||| Stepping ~*~*~tactically~*~*~ (hiding).
 34243 | Vaults:4 | 34243 ||| Stepping ~*~*~tactically~*~*~ (hiding).
 34284 | Vaults:4 | Identified the +2 crystal plate armour of Okawaru's
                  | Supremacy {Fly} (Okawaru gifted it to you on level 4 of the
                  | Vaults)
 34284 | Vaults:4 | Received a gift from Okawaru
 34672 | Vaults:4 | 34672 ||| INVOKING Heroism.
 34722 | Vaults:4 | Found Assewassa's Armour Shop.
 34723 | Vaults:4 | 34723 ||| Stepping ~*~*~tactically~*~*~ (stealth).
 34724 | Vaults:4 | 34724 ||| Stepping ~*~*~tactically~*~*~ (stealth).
 34729 | Vaults:4 | 34729 ||| Stepping ~*~*~tactically~*~*~ (stealth).
 35160 | Vaults:4 | 35160 ||| PLANNING SPIDER:4
 35160 | Vaults:4 | 35160 ||| DROPPING +2 crystal plate armour of Okawaru's
                  | Supremacy {Fly}.
 35506 | Spider:4 | Entered Level 4 of the Spider Nest
 35546 | Spider:4 | Found a runed translucent door.
 35561 | Spider:4 | Noticed cfbundy's ghost (adept FoFi)
 35571 | Spider:4 | 35571 ||| Stepping ~*~*~tactically~*~*~ (stealth).
 35609 | Spider:4 | 35609 ||| Stepping ~*~*~tactically~*~*~ (stealth).
 35673 | Spider:4 | Reached skill level 18 in Fighting
 35757 | Spider:4 | 35757 ||| INVOKING Heroism.
 35873 | Spider:4 | 35873 ||| Stepping ~*~*~tactically~*~*~ (stealth).
 35893 | Spider:4 | 35893 ||| Stepping ~*~*~tactically~*~*~ (stealth).
 35938 | Spider:4 | Identified the +0 robe of Sumaot {Contam Rampage rElec
                  | Regen+}
 35942 | Spider:4 | Identified the +7 trident "Ycwul" {flame, Drain rF- Str+10
                  | Stlth+}
 35969 | Spider:4 | 35969 ||| Stepping ~*~*~tactically~*~*~ (stealth).
 36016 | Spider:4 | 36016 ||| Stepping ~*~*~tactically~*~*~ (stealth).
 36076 | Spider:4 | 36076 ||| Stepping ~*~*~tactically~*~*~ (stealth).
 36079 | Spider:4 | 36079 ||| Stepping ~*~*~tactically~*~*~ (hiding).
 36088 | Spider:4 | Received a gift from Okawaru
 36106 | Spider:4 | 36106 ||| Stepping ~*~*~tactically~*~*~ (hiding).
 36196 | Spider:4 | 36196 ||| DROPPING +0 vampiric broad axe.
 36501 | Spider:4 | 36501 ||| Stepping ~*~*~tactically~*~*~ (stealth).
 36862 | Spider:4 | Got a gossamer rune of Zot
 36935 | Spider:4 | 36935 ||| PLANNING DEPTHS
 36935 | Spider:4 | 36935 ||| DROPPING scarf of resistance.
 36936 | Spider:4 | 36936 ||| DROPPING scarf of invisibility.
 37209 | Depths:1 | Entered Level 1 of the Depths
 37209 | Depths:1 | Found a gateway to Hell.
 37297 | Depths:1 | 37297 ||| Stepping ~*~*~tactically~*~*~ (hiding).
 37627 | Depths:1 | Paralysed by a floating eye for 3 turns
 37653 | Depths:1 | Reached XP level 21. HP: 141/141 MP: 28/28
 37664 | Depths:1 | Received a gift from Okawaru
 37770 | Depths:1 | Found Toilosytayst's Antique Armour Shop.
 37780 | Depths:1 | 37780 ||| BUYING shiny helmet (210 gold).
 37780 | Depths:1 | Bought a shiny helmet for 210 gold pieces
 37811 | Depths:1 | 37811 ||| INVOKING Heroism.
 37812 | Depths:1 | 37812 ||| INVOKING Finesse.
 37926 | Depths:1 | 37926 ||| INVOKING Finesse.
 37984 | Depths:1 | 37984 ||| DROPPING +2 helmet.
 37985 | Depths:1 | 37985 ||| UPGRADING to amulet of reflection.
 37995 | Depths:1 | 37995 ||| DROPPING amulet of the acrobat.
 38057 | Depths:2 | Reached skill level 19 in Fighting
 38072 | Depths:2 | 38072 ||| Stepping ~*~*~tactically~*~*~ (hiding).
 38075 | Depths:2 | 38075 ||| Stepping ~*~*~tactically~*~*~ (hiding).
 38090 | Depths:2 | 38090 ||| INVOKING Heroism.
 38091 | Depths:2 | 38091 ||| INVOKING Finesse.
 38147 | Depths:2 | 38147 ||| Stepping ~*~*~tactically~*~*~ (stealth).
 38149 | Depths:2 | 38149 ||| INVOKING Heroism.
 38154 | Depths:2 | 38154 ||| INVOKING Finesse.
 38209 | Depths:2 | Noticed a juggernaut
 38210 | Depths:2 | 38210 ||| INVOKING Heroism.
 38231 | Depths:2 | 38231 ||| INVOKING Heroism.
 38236 | Depths:2 | Killed a juggernaut
 38237 | Depths:2 | Reached skill level 18 in Armour
 38294 | Depths:2 | Noticed a golden dragon
 38295 | Depths:2 | 38295 ||| INVOKING Heroism.
 38313 | Depths:2 | Killed a golden dragon
 38358 | Depths:2 | Found a one-way gate leading to the halls of Pandemonium.
 38488 | Depths:2 | Found Fokh's Weapon Shop.
 38539 | Depths:2 | Found a sacrificial altar of Ru.
 38679 | Depths:2 | Found a one-way gate to the infinite horrors of the Abyss.
 38897 | Depths:2 | 38897 ||| Stepping ~*~*~tactically~*~*~ (stealth).
 39034 | Depths:2 | 39034 ||| READING scroll of enchant weapon.
 39034 | Depths:2 | 39034 ||| ENCHANTING +8 vampiric broad axe.
 39079 | Depths:2 | Paralysed by a floating eye for 3 turns
 39366 | Depths:3 | Received a gift from Okawaru
 39410 | Depths:3 | 39410 ||| Stepping ~*~*~tactically~*~*~ (stealth).
 39434 | Depths:3 | Found a radiant altar of Vehumet.
 39471 | Depths:3 | Noticed a caustic shrike
 39472 | Depths:3 | 39472 ||| INVOKING Heroism.
 39473 | Depths:3 | 39473 ||| INVOKING Finesse.
 39487 | Depths:3 | Killed a caustic shrike
 39487 | Depths:3 | Received a gift from Okawaru
 39495 | Depths:3 | Noticed a golden dragon
 39509 | Depths:3 | Killed a golden dragon
 39526 | Depths:3 | 39526 ||| INVOKING Heroism.
 39538 | Depths:3 | Reached skill level 20 in Fighting
 39546 | Depths:3 | 39546 ||| Stepping ~*~*~tactically~*~*~ (hiding).
 39632 | Depths:3 | 39632 ||| READING scroll of acquirement.
 39632 | Depths:3 | 39632 ||| ACQUIRING +5 ring of evasion
 39632 | Depths:3 | Acquired a +5 ring of evasion
 39634 | Depths:3 | 39634 ||| UPGRADING to +5 ring of evasion.
 39646 | Depths:3 | 39646 ||| DROPPING +6 ring of strength.
 39648 | Depths:3 | Noticed a caustic shrike
 39649 | Depths:3 | 39649 ||| Stepping ~*~*~tactically~*~*~ (stealth).
 39650 | Depths:3 | 39650 ||| INVOKING Heroism.
 39651 | Depths:3 | 39651 ||| INVOKING Finesse.
 39665 | Depths:3 | Killed a caustic shrike
 39675 | Depths:3 | Reached XP level 22. HP: 147/152 MP: 23/29
 39716 | Depths:3 | 39716 ||| Stepping ~*~*~tactically~*~*~ (hiding).
 39718 | Depths:3 | 39718 ||| Stepping ~*~*~tactically~*~*~ (hiding).
 39729 | Depths:3 | 39729 ||| INVOKING Heroism.
 39757 | Depths:3 | Found Delaig's Antique Weapon Shop.
 39902 | Depths:3 | 39902 ||| Stepping ~*~*~tactically~*~*~ (stealth).
 39911 | Depths:3 | 39911 ||| Stepping ~*~*~tactically~*~*~ (stealth).
 39912 | Depths:3 | 39912 ||| Stepping ~*~*~tactically~*~*~ (stealth).
 39926 | Depths:3 | 39926 ||| INVOKING Heroism.
 39972 | Depths:3 | 39972 ||| Stepping ~*~*~tactically~*~*~ (hiding).
 39980 | Depths:3 | 39980 ||| INVOKING Heroism.
 39990 | Depths:3 | Received a gift from Okawaru
 40052 | Depths:3 | Received a gift from Okawaru
 40064 | Depths:3 | 40064 ||| Stepping ~*~*~tactically~*~*~ (stealth).
 40219 | Depths:3 | 40219 ||| Stepping ~*~*~tactically~*~*~ (hiding).
 40226 | Depths:3 | Paralysed by a sphinx for 4 turns
 40329 | Depths:3 | Noticed a golden dragon
 40330 | Depths:3 | 40330 ||| Stepping ~*~*~tactically~*~*~ (hiding).
 40335 | Depths:3 | 40335 ||| INVOKING Heroism.
 40339 | Depths:3 | Killed a golden dragon
 40716 | Depths:3 | 40716 ||| Stepping ~*~*~tactically~*~*~ (hiding).
 40720 | Depths:3 | 40720 ||| INVOKING Heroism.
 40818 | Depths:3 | 40818 ||| DROPPING ring of see invisible.
 40846 | Depths:4 | Entered Level 4 of the Depths
 40855 | Depths:4 | 40855 ||| INVOKING Heroism.
 40867 | Depths:4 | Received a gift from Okawaru
 40868 | Depths:4 | Reached skill level 21 in Shields
 41007 | Depths:4 | Found a gate to the Realm of Zot.
 41008 | Depths:4 | 41008 ||| INVOKING Heroism.
 41023 | Depths:4 | Reached skill level 6 in Dodging
 41049 | Depths:4 | 41049 ||| Stepping ~*~*~tactically~*~*~ (hiding).
 41149 | Depths:4 | 41149 ||| Stepping ~*~*~tactically~*~*~ (hiding).
 41186 | Depths:4 | 41186 ||| Stepping ~*~*~tactically~*~*~ (hiding).
 41187 | Depths:4 | 41187 ||| Stepping ~*~*~tactically~*~*~ (stealth).
 41191 | Depths:4 | 41191 ||| INVOKING Heroism.
 41211 | Depths:4 | 41211 ||| Stepping ~*~*~tactically~*~*~ (stealth).
 41272 | Depths:4 | 41272 ||| Stepping ~*~*~tactically~*~*~ (hiding).
 41273 | Depths:4 | 41273 ||| Stepping ~*~*~tactically~*~*~ (hiding).
 41274 | Depths:4 | 41274 ||| Stepping ~*~*~tactically~*~*~ (hiding).
 41295 | Depths:4 | 41295 ||| Stepping ~*~*~tactically~*~*~ (cloud).
 41332 | Depths:4 | 41332 ||| Stepping ~*~*~tactically~*~*~ (stealth).
 41333 | Depths:4 | 41333 ||| Stepping ~*~*~tactically~*~*~ (stealth).
 41336 | Depths:4 | 41336 ||| Stepping ~*~*~tactically~*~*~ (hiding).
 41341 | Depths:4 | 41341 ||| INVOKING Heroism.
 41359 | Depths:4 | Received a gift from Okawaru
 41584 | Depths:4 | 41584 ||| INVOKING Heroism.
 41622 | Depths:4 | Found a one-way gateway to a ziggurat.
 41725 | Depths:4 | Received a gift from Okawaru
 41726 | Depths:4 | 41726 ||| INVOKING Heroism.
 41746 | Depths:4 | Reached skill level 21 in Fighting
 41879 | Depths:4 | 41879 ||| PLANNING VAULTS:5
 41915 | Depths:2 | 41915 ||| Stepping ~*~*~tactically~*~*~ (hiding).
 42097 | Vaults:5 | Entered Level 5 of the Vaults
 42103 | Vaults:5 | 42103 ||| INVOKING Heroism.
 42114 | Vaults:5 | Received a gift from Okawaru
 42130 | Vaults:5 | Reached skill level 12 in Throwing
 42136 | Vaults:5 | Received a gift from Okawaru
 42155 | Vaults:5 | 42155 ||| INVOKING Heroism.
 42180 | Vaults:5 | 42180 ||| Stepping ~*~*~tactically~*~*~ (hiding).
 42206 | Vaults:5 | 42206 ||| Stepping ~*~*~tactically~*~*~ (stealth).
 42207 | Vaults:5 | 42207 ||| Stepping ~*~*~tactically~*~*~ (stealth).
 42232 | Vaults:5 | Reached XP level 23. HP: 148/160 MP: 30/30
 42236 | Vaults:5 | 42236 ||| INVOKING Heroism.
 42237 | Vaults:5 | 42237 ||| INVOKING Finesse.
 42276 | Vaults:5 | Noticed an ancient lich
 42277 | Vaults:5 | 42277 ||| INVOKING Heroism.
 42297 | Vaults:5 | 42297 ||| INVOKING Heroism.
 42297 | Vaults:5 | HP: 26/160 [ancient lich/bolt of acid (21)]
 42298 | Vaults:5 | 42298 ||| READING 11 scrolls of teleportation.
 42299 | Vaults:5 | 42299 ||| DRINKING 6 potions of heal wounds.
 42316 | Vaults:5 | 42316 ||| Stepping ~*~*~tactically~*~*~ (stealth).
 42383 | Vaults:5 | 42383 ||| DRINKING 7 potions of cancellation.
 42389 | Vaults:5 | 42389 ||| INVOKING Finesse.
 42485 | Vaults:5 | Identified the +1 buckler of Unambiguity {rPois rC- SInv
                  | Stlth+}
 42489 | Vaults:5 | 42489 ||| Stepping ~*~*~tactically~*~*~ (hiding).
 42490 | Vaults:5 | 42490 ||| Stepping ~*~*~tactically~*~*~ (hiding).
 42518 | Vaults:5 | 42518 ||| Stepping ~*~*~tactically~*~*~ (hiding).
 42519 | Vaults:5 | 42519 ||| Stepping ~*~*~tactically~*~*~ (hiding).
 42523 | Vaults:5 | 42523 ||| Stepping ~*~*~tactically~*~*~ (hiding).
 42524 | Vaults:5 | 42524 ||| Stepping ~*~*~tactically~*~*~ (stealth).
 42525 | Vaults:5 | 42525 ||| INVOKING Heroism.
 42539 | Vaults:5 | 42539 ||| Stepping ~*~*~tactically~*~*~ (stealth).
 42540 | Vaults:5 | 42540 ||| Stepping ~*~*~tactically~*~*~ (stealth).
 42543 | Vaults:5 | Identified the +7 whip of Offence {venom, rPois rC++ Int-3
                  | Dex+3}
 42544 | Vaults:5 | 42544 ||| Stepping ~*~*~tactically~*~*~ (hiding).
 42556 | Vaults:5 | Received a gift from Okawaru
 42587 | Vaults:5 | Identified the amulet of Resepli {Reflect rPois rN+ Dex+3
                  | SH+5}
 42596 | Vaults:5 | 42596 ||| INVOKING Heroism.
 42649 | Vaults:5 | Noticed a golden dragon
 42650 | Vaults:5 | 42650 ||| Stepping ~*~*~tactically~*~*~ (stealth).
 42651 | Vaults:5 | 42651 ||| INVOKING Heroism.
 42661 | Vaults:5 | Killed a golden dragon
 42662 | Vaults:5 | Reached skill level 22 in Fighting
 42674 | Vaults:5 | Received a gift from Okawaru
 42717 | Vaults:5 | 42717 ||| INVOKING Heroism.
 42741 | Vaults:5 | 42741 ||| Stepping ~*~*~tactically~*~*~ (stealth).
 42779 | Vaults:5 | 42779 ||| INVOKING Heroism.
 42781 | Vaults:5 | Received a gift from Okawaru
 42794 | Vaults:5 | 42794 ||| Stepping ~*~*~tactically~*~*~ (stealth).
 42798 | Vaults:5 | Found Qicokkil's Weapon Boutique.
 42903 | Vaults:5 | 42903 ||| DRINKING potion of experience.
 42903 | Vaults:5 | Reached XP level 24. HP: 168/168 MP: 30/30
 42932 | Vaults:5 | 42932 ||| INVOKING Heroism.
 42992 | Vaults:5 | 42992 ||| INVOKING Heroism.
 42993 | Vaults:5 | 42993 ||| Stepping ~*~*~tactically~*~*~ (hiding).
 43002 | Vaults:5 | 43002 ||| Stepping ~*~*~tactically~*~*~ (hiding).
 43015 | Vaults:5 | Killed an ancient lich
 43016 | Vaults:5 | Reached skill level 21 in Armour
 43038 | Vaults:5 | Got a silver rune of Zot
 43039 | Vaults:5 | Identified the staff of earth "Kute" {+Blink Dex+5 Stlth-}
 43048 | Vaults:5 | 43048 ||| INVOKING Heroism.
 43134 | Vaults:5 | 43134 ||| Stepping ~*~*~tactically~*~*~ (stealth).
 43135 | Vaults:5 | 43135 ||| Stepping ~*~*~tactically~*~*~ (hiding).
 43136 | Vaults:5 | 43136 ||| Stepping ~*~*~tactically~*~*~ (hiding).
 43225 | Vaults:5 | 43225 ||| Stepping ~*~*~tactically~*~*~ (stealth).
 43227 | Vaults:5 | 43227 ||| INVOKING Heroism.
 43265 | Vaults:5 | 43265 ||| INVOKING Heroism.
 43356 | Vaults:5 | Identified the -1 buckler "Biadgha" {Fly Int+3 Dex+2}
 43619 | Vaults:5 | 43619 ||| PLANNING SHOPPING SPREE
 43619 | Vaults:5 | 43619 ||| UPGRADING to +2 pair of gloves of strength.
 43629 | Vaults:5 | 43629 ||| DROPPING +2 pair of gloves.
 43630 | Vaults:5 | 43630 ||| UPGRADING to amulet of Resepli {Reflect rPois rN+
                  | Dex+3 SH+5}.
 43640 | Vaults:5 | 43640 ||| DROPPING amulet of reflection.
 43979 | D:6      | 43979 ||| BUYING potion of heal wounds (65 gold).
 43979 | D:6      | Bought a potion of heal wounds for 65 gold pieces
 43979 | D:6      | 43979 ||| BUYING potion of mutation (104 gold).
 43979 | D:6      | Bought a potion of mutation for 104 gold pieces
 44072 | D:3      | 44072 ||| BUYING scroll of acquirement (520 gold).
 44072 | D:3      | Bought a scroll of acquirement for 520 gold pieces
 44072 | D:3      | 44072 ||| BUYING scroll of enchant armour (75 gold).
 44072 | D:3      | Bought a scroll of enchant armour for 75 gold pieces
 44072 | D:3      | 44072 ||| READING scroll of acquirement.
 44072 | D:3      | 44072 ||| ACQUIRING +4 consecrated labrys {holy, Valiant
                  | Fragile Fly SInv}
 44072 | D:3      | Acquired the +4 consecrated labrys {holy, Valiant Fragile
                  | Fly SInv}
 44072 | D:3      | Found the +4 consecrated labrys {holy, Valiant Fragile Fly
                  | SInv}
 44237 | Orc:2    | 44237 ||| PLANNING ZOT:1-4
 44480 | Zot:1    | Entered Level 1 of the Realm of Zot
 44596 | Zot:1    | Received a gift from Okawaru
 44921 | Zot:1    | Identified the +1 robe of Bitterness {+Blink Int-2 Slay+5
                  | Stlth+}
 45000 | Zot:1    | 45000 ||| Stepping ~*~*~tactically~*~*~ (stealth).
 45008 | Zot:1    | Received a gift from Okawaru
 45327 | Zot:1    | 45327 ||| Stepping ~*~*~tactically~*~*~ (hiding).
 45475 | Zot:1    | 45475 ||| DROPPING +1 pair of gloves of strength.
 45555 | Zot:2    | 45555 ||| INVOKING Heroism.
 45633 | Zot:2    | 45633 ||| Stepping ~*~*~tactically~*~*~ (stealth).
 45807 | Zot:2    | 45807 ||| Stepping ~*~*~tactically~*~*~ (hiding).
 45816 | Zot:2    | 45816 ||| INVOKING Heroism.
 46430 | Zot:3    | Identified the ring "Zostekhlent" {Ice rElec Int+8 Dex-5}
 46430 | Zot:3    | Noticed Josephina
 46435 | Zot:3    | 46435 ||| STAIRDANCE
 46441 | Zot:2    | 46441 ||| INVOKING Heroism.
 46444 | Zot:2    | Killed Josephina
 46447 | Zot:2    | HP: 40/168 [death cob (11)]
 46448 | Zot:2    | 46448 ||| READING 13 scrolls of teleportation.
 46449 | Zot:2    | 46449 ||| DRINKING 6 potions of heal wounds.
 46647 | Zot:3    | Found an opulent altar of Gozag.
 46720 | Zot:3    | Reached XP level 25. HP: 168/173 MP: 30/30
 46720 | Zot:3    | 46720 ||| Stepping ~*~*~tactically~*~*~ (hiding).
 46749 | Zot:3    | 46749 ||| Stepping ~*~*~tactically~*~*~ (hiding).
 46750 | Zot:3    | 46750 ||| Stepping ~*~*~tactically~*~*~ (hiding).
 46766 | Zot:3    | 46766 ||| Stepping ~*~*~tactically~*~*~ (hiding).
 46777 | Zot:3    | 46777 ||| Stepping ~*~*~tactically~*~*~ (hiding).
 46816 | Zot:3    | 46816 ||| INVOKING Heroism.
 46829 | Zot:3    | Received a gift from Okawaru
 46843 | Zot:3    | 46843 ||| Stepping ~*~*~tactically~*~*~ (stealth).
 46882 | Zot:3    | 46882 ||| Stepping ~*~*~tactically~*~*~ (stealth).
 47098 | Zot:3    | 47098 ||| INVOKING Heroism.
 47149 | Zot:3    | 47149 ||| Stepping ~*~*~tactically~*~*~ (hiding).
 47168 | Zot:3    | 47168 ||| INVOKING Heroism.
 47202 | Zot:3    | Received a gift from Okawaru
 47313 | Zot:3    | 47313 ||| INVOKING Heroism.
 47332 | Zot:3    | Reached skill level 23 in Fighting
 47467 | Zot:3    | Noticed Grunn
 47468 | Zot:3    | 47468 ||| Stepping ~*~*~tactically~*~*~ (stealth).
 47470 | Zot:3    | 47470 ||| Stepping ~*~*~tactically~*~*~ (hiding).
 47472 | Zot:3    | 47472 ||| INVOKING Heroism.
 47485 | Zot:3    | HP: 9/176 [doom hound[Grunn] (43)]
 47485 | Zot:3    | Mangled by a doom hound

Levels and vault maps discovered:
D:1:      lightli_arrival_lavapool, layout_basic, hangedman_abyss_or_decor_stabs
D:2:      layout_basic, chequers_serial_rivers_room_a, uniq_sigmund
D:3:      layout_loops_ring, serial_forest, infiniplex_forest_lined_2,
          infiniplex_forest_end_2, infiniplex_forest_clump_small,
          infiniplex_forest_lined_1, infiniplex_forest_clump_tiny,
          infiniplex_forest_lined_room_2, serial_shops,
          nicolae_shop_pleasant_corner_grove, minmay_misc_feat_chi,
          minivault_19, uniq_grinder
D:4:      layout_loops_ring, mainiacjoe_overflow_alcove_4,
          minmay_temple_entry_slanted, uniq_blork_the_orc
D:5:      layout_rooms, lemuel_mausoleum_altar_yredelemnul, serial_bayou_pond_e
D:6:      layout_loops_ring, cheibrodos_sewer_entry_drain, serial_shops, shop,
          serial_glass, glass_columns_b, glass_columns_c
D:7:      layout_loops_cross, mainiacjoe_overflow_six_doors_small,
          nicolae_ashenzari_skybound, lemuel_coloured_pillars_altar,
          grunt_ministairs_13, uniq_joseph, uniq_prince_ribbit1, uniq_duvessa,
          uniq_crazy_yiuf_cottage
D:8:      layout_rooms, trog_three_pillars_becter
D:9:      layout_roguey [special_room_orc], kennysheep_little_box, orc_0_dummy
D:10:     layout_loops_ring, mainiacjoe_overflow_brackets,
          gammafunk_ghost_smash, hellmonk_bongcloud_opening, uniq_erolcha
D:11:     layout_gridville, minmay_lair_entry_grove, kennysheep_nondescript,
          nicolae_wu_jian_wuxing_cycle, uniq_urug, uniq_psyche, uniq_maurice
D:12:     layout_rooms, nicolae_tso_carved_into_rock
D:13:     layout_roguey, serial_bayou, serial_bayou_crossing,
          serial_bayou_lake_a, serial_bayou_lagoon_b, serial_bayou_pond_c,
          hangedman_decor_riveting
D:14:     layout_layer_cave, david_vaults_5, minmay_misc_feat_room,
          nicolae_kikubaaqudgha_miasma_corner
D:15:     hangedman_depths_entry_civil_slaughter, layout_loops_ring, uniq_kirke,
          uniq_louise
Temple:   nicolae_temple_ecumenical_triangle
Lair:1:   layout_chaotic_city, st_stairs_9
Lair:2:   layout_regular_city, chequers_serial_rivers_small_a,
          chequers_serial_rivers_large_a
Lair:3:   layout_layer_cave, nicolae_swamp_entry_splash_gauntlet,
          spider_nest_entry_funnel_web, grunt_megastairs_5
Lair:4:   layout_cave_pods, slime_entry_1
Lair:5:   hangedman_lair_tendril_chambers, layout_regular_city,
          serial_bayou_lagoon_a
Swamp:1:  layout_basic_swamp, evilmike_swamp_ruin_rubble_1, swamp_pool3,
          nicolae_swamp_bunyip_nook
Swamp:2:  layout_falls_marsh, gammafunk_ghost_berserking_beasts,
          evilmike_swamp_ruin_house_2
Swamp:3:  layout_basic_swamp, ebering_ghost_disaster_area,
          nicolae_swamp_tree_isthmus
Swamp:4:  swamp_icy, layout_basic_swamp, swamp_pool1,
          nicolae_swamp_little_tower, uniq_donald
Spider:1: layout_chambers, nicolae_spider_scorpion_nest, uniq_mlioglotl
Spider:2: layout_cave_pods
Spider:3: layout_chambers, uniq_arachne
Spider:4: guppyfry_spider_rune, ebering_ghost_inner_flame
Orc:1:    cheibrodos_orc_guarddog, layout_caves, basic_altar
Orc:2:    grunt_orc_community_town_hall, layout_caves,
          grunt_orc_community_big_house_1, grunt_orc_community_big_house_2,
          grunt_orc_community_house_2, grunt_orc_community_house_3,
          grunt_orc_community_house_1, grunt_orc_community_house_2,
          grunt_orc_community_house_3, grunt_orc_community_house_1,
          minmay_orc_barracks
Vaults:1: nicolae_vaults_trapezoid_lopsided_2, v_misc_27,
          nicolae_vaults_offset_grid_hallway_4, grunt_vaults_focal,
          vaults_dpeg_encased_lava, nicolae_vaults_trapezoid_lopsided_4,
          nicolae_vaults_windows_and_doors_thing, v_pattern_5, v_misc_24,
          ontoclasm_vaults_ring_square, nicolae_vaults_house_2, st_spiral_rooms,
          vaults_room_stairs_pillars, nicolae_vaults_tetromino_T_1,
          nicolae_vaults_tetromino_T_2, layout_vaults_ring
Vaults:2: minmay_crypt_entry_simple_plaza, nicolae_vaults_fighting_squares,
          v_alt_pattern_5, vaults_room_door_ring, v_rooms_4, v_pattern_1,
          nicolae_vaults_offset_grid_hallway_3, v_misc_30, vaults_room_corners,
          ontoclasm_vaults_chip, nicolae_vaults_tetromino_Z_2,
          ontoclasm_vaults_pinch, layout_vaults_omnibox
Vaults:3: nicolae_vaults_yaktaur_gun_rack, nicolae_vaults_network_periphery,
          sword_in_stone, v_misc_9, vaults_room_grid,
          nicolae_vaults_closet_pinwheel_5, vaults_dpeg_spiral,
          nicolae_vaults_hallways_thing, nicolae_vaults_double_plus_2,
          vaults_mumra_minichess_inversion, v_rooms_2,
          nicolae_vaults_little_squares_4, hangedman_vaults_stretched_pinwheel,
          nicolae_vaults_tangram_2, layout_vaults_maze, uniq_nikola
Vaults:4: hangedman_vaults_nails, nicolae_vaults_twisting_passages,
          nicolae_vaults_rhombus_7, ontoclasm_vaults_chip,
          nicolae_vaults_rhombus_5, nicolae_vaults_offset_grid_hallway_3,
          nicolae_vaults_double_plus_2, nicolae_vaults_taking_the_gang_shopping,
          ontoclasm_vaults_decontamination, v_misc_10, layout_vaults_omnicross
Vaults:5
Depths:1: layout_cave_shapes, hell_entry, minmay_door_square, serial_shops,
          shop, kennysheep_generic_room_6
Depths:2: minmay_octo_star, layout_basic, abyss_entry, special_room
          [special_room_mythical_zoo], serial_shops, nicolae_shop_statue_plus,
          pan_entry, skrybe_limestone_x, hell_entry,
          nicolae_ru_great_annihilating_truth
Depths:3: minmay_four_inscribed_fans, layout_basic, nicolae_vehumet_radiance,
          pf_hell_entry_great_geh, serial_shops, nicolae_lakefront_shop,
          abyss_entry
Depths:4: grunt_x_marks_the_spot, layout_cross, enter_ziggurat_b, hell_entry
Zot:1:    layout_cellular_growth
Zot:2:    layout_twisted_circle
Zot:3:    layout_twisted_circle, basic_altar, grunt_ministairs_14,
          st_large_dragon_hoard_3, uniq_grunn, uniq_josephina

Skill      XL: |  1  2  3  4  5  6  7  8  9 10 11 12 13 14 15 16 17 18 19 20 21 22 23 24 25 |
---------------+----------------------------------------------------------------------------+-----
Axes           | 2 3 5 7 9 10 12 14 15 16 18 | 18.0
Throwing       | 1 2 4 5 6 7 9 10 11 12 13 | 13.0
Fighting       | 5 6 8 9 10 11 12 13 15 17 18 20 21 22 23 | 23.0
Dodging        | 1 2 3 4 5 6 8 |  8.2
Shields        | 4 5 6 7 11 16 17 18 19 20 21 | 21.6
Armour         | 4 7 9 10 11 12 13 14 15 17 18 19 20 21 | 21.1
Invocations    | 4 8 10 | 10.0

Action                     |  1- 3 |  4- 6 |  7- 9 | 10-12 | 13-15 | 16-18 | 19-21 | 22-24 | 25-27 || total
---------------------------+-------+-------+-------+-------+-------+-------+-------+-------+-------++-------
  Melee: War axe           |    86 |    69 |   429 |   567 |       |       |       |       |       ||  1151
         Broad axe         |       |       |       |    12 |   821 |  1318 |  1531 |   990 |   196 ||  4868
         Morningstar       |       |       |       |       |    75 |    48 |       |       |       ||   123
  Throw: Javelin           |       |    23 |    52 |    98 |   118 |   181 |    77 |    54 |    11 ||   614
         Boomerang         |       |       |    29 |    20 |    84 |    20 |    47 |       |       ||   200
 Invoke: Heroism           |       |       |       |    21 |    40 |    33 |    16 |    29 |     5 ||   144
         Finesse           |       |       |       |     1 |     3 |     9 |    10 |     2 |       ||    25
    Use: Scroll            |     5 |     5 |    15 |    11 |    11 |    16 |     4 |     3 |       ||    70
         Potion            |       |       |     3 |       |     1 |     7 |       |     4 |       ||    15
 Armour: Scale mail        |    35 |    27 |   199 |    81 |       |       |       |       |       ||   342
         Plate armour      |       |       |       |   353 |   878 |  1106 |   813 |   491 |    99 ||  3740
  Dodge: Dodged            |    34 |    27 |   174 |   212 |   392 |   410 |   317 |   338 |    87 ||  1991
  Block: Buckler           |    16 |    12 |    62 |   158 |   200 |       |       |       |       ||   448
         Tower shield      |       |       |       |       |   271 |  1267 |  1278 |   995 |   249 ||  4060
         Reflection        |       |       |       |       |       |       |       |    27 |       ||    27

Table legend:
 A = Non-vault XP
 B = Vault XP
 C = Vault XP percentage of total XP
 D = Non-vault monster count
 E = Vault monster count
 F = Vault count percentage of total count
                 A         B        C        D         E       F
            +---------+---------+-------+---------+---------+-------
      Total |  482842 |  392396 |  44.8 |    1072 |     640 |  37.4
            +---------+---------+-------+---------+---------+-------
        D:1 |      58 |       0 |   0.0 |      30 |       0 |   0.0
        D:2 |      76 |     243 |  76.2 |      18 |       1 |   5.3
        D:3 |      40 |     281 |  87.5 |      11 |       1 |   8.3
        D:4 |     167 |     102 |  37.9 |      14 |       1 |   6.7
        D:5 |     445 |     541 |  54.9 |      13 |      12 |  48.0
        D:6 |    1285 |      11 |   0.8 |      19 |       3 |  13.6
        D:7 |    1109 |    1099 |  49.8 |      13 |       6 |  31.6
        D:8 |    1361 |       0 |   0.0 |      32 |       0 |   0.0
        D:9 |    1992 |     499 |  20.0 |      26 |      24 |  48.0
       D:10 |    1796 |     848 |  32.1 |      24 |       1 |   4.0
       D:11 |    4168 |    3927 |  48.5 |      17 |      16 |  48.5
       D:12 |    5606 |       0 |   0.0 |      19 |       0 |   0.0
       D:13 |   10612 |       0 |   0.0 |      38 |       0 |   0.0
       D:14 |   11762 |    1265 |   9.7 |      20 |       3 |  13.0
       D:15 |    7531 |    7898 |  51.2 |      22 |      13 |  37.1
     Lair:1 |    5456 |     151 |   2.7 |      27 |       1 |   3.6
     Lair:2 |    8602 |       0 |   0.0 |      30 |       0 |   0.0
     Lair:3 |    5866 |    3298 |  36.0 |      13 |      10 |  43.5
     Lair:4 |    4418 |     519 |  10.5 |      16 |       2 |  11.1
     Lair:5 |    8082 |    9128 |  53.0 |      27 |      33 |  55.0
    Swamp:1 |    7274 |    4930 |  40.4 |      16 |       5 |  23.8
    Swamp:2 |    7804 |     737 |   8.6 |      17 |       1 |   5.6
    Swamp:3 |   16172 |       0 |   0.0 |      29 |       0 |   0.0
    Swamp:4 |   12765 |    8801 |  40.8 |      21 |      28 |  57.1
   Spider:1 |   17690 |    8048 |  31.3 |      43 |       6 |  12.2
   Spider:2 |   13774 |       0 |   0.0 |      38 |       0 |   0.0
   Spider:3 |   17550 |    2016 |  10.3 |      44 |       1 |   2.2
   Spider:4 |   27942 |   23475 |  45.7 |      56 |      39 |  41.1
      Orc:1 |    2513 |     486 |  16.2 |      23 |       3 |  11.5
      Orc:2 |    7516 |    7242 |  49.1 |      31 |      87 |  73.7
   Vaults:1 |   15383 |   25000 |  61.9 |      25 |      34 |  57.6
   Vaults:2 |    9024 |   25368 |  73.8 |      14 |      40 |  74.1
   Vaults:3 |   25280 |   35969 |  58.7 |      35 |      36 |  50.7
   Vaults:4 |   29591 |   15038 |  33.7 |      44 |      20 |  31.2
   Vaults:5 |   24075 |   95674 |  79.9 |      31 |      92 |  74.8
   Depths:1 |   30942 |     791 |   2.5 |      41 |       1 |   2.4
   Depths:2 |   29425 |   28277 |  49.0 |      37 |      31 |  45.6
   Depths:3 |   17491 |   39215 |  69.2 |      15 |      28 |  65.1
   Depths:4 |   24244 |   17871 |  42.4 |      25 |      16 |  39.0
      Zot:1 |   20709 |       0 |   0.0 |      18 |       0 |   0.0
      Zot:2 |   21714 |    3492 |  13.9 |      18 |       1 |   5.3
      Zot:3 |   23532 |   19852 |  45.8 |      22 |      21 |  48.8
      Sewer |       0 |     304 | 100.0 |       0 |      23 | 100.0
            +---------+---------+-------+---------+---------+-------
